Workbook
Name arredquant: IF('NAV - BM01'!$M$3=TRUE,2,15)
Name arredquant: IF('NAV - BM02'!$M$3=TRUE,2,15)
Name arredquant: IF('NAV - cronograma'!$N$3=TRUE,2,15)
Name arredquant: IF('NAV - orçamento'!$M$3=TRUE,2,15)
Name arredquant: IF(Rascunho!$M$3=TRUE,2,15)
Name arredquant: IF(#REF!=TRUE,2,15)
Name arredtot: IF('NAV - BM01'!$O$3=TRUE,2,15)
Name arredtot: IF('NAV - BM02'!$O$3=TRUE,2,15)
Name arredtot: IF('NAV - cronograma'!$P$3=TRUE,2,15)
Name arredtot: IF('NAV - orçamento'!$O$3=TRUE,2,15)
Name arredtot: IF(Rascunho!$O$3=TRUE,2,15)
Name arredtot: IF(#REF!=TRUE,2,15)
Name arredunit: IF('NAV - BM01'!$N$3=TRUE,2,15)
Name arredunit: IF('NAV - BM02'!$N$3=TRUE,2,15)
Name arredunit: IF('NAV - cronograma'!$O$3=TRUE,2,15)
Name arredunit: IF('NAV - orçamento'!$N$3=TRUE,2,15)
Name arredunit: IF(Rascunho!$N$3=TRUE,2,15)
Name arredunit: IF(#REF!=TRUE,2,15)
Name O: ROUND(ROUND(#REF!,arredquant)*ROUND(#REF!,arredunit),arredtot)
Name O: ROUND(ROUND(#REF!,arredquant)*ROUND(#REF!,arredunit),arredtot)
Name O: ROUND(ROUND(#REF!,[0]!arredquant)*ROUND(#REF!,[0]!arredunit),[0]!arredtot)
Name O: ROUND(ROUND(#REF!,arredquant)*ROUND(#REF!,arredunit),arredtot)
Name O: ROUND(ROUND(#REF!,arredquant)*ROUND(#REF!,arredunit),arredtot)
Name O: ROUND(ROUND(#REF!,arredquant)*ROUND(#REF!,arredunit),arredtot)
Name RegimeExecucao: IF(OR([1]DADOS!$A$36="Empreitada Preço Global",[1]DADOS!$A$36="Empreitada Integral"),"Global","Unitário")
Name SomaAgrup: SUMIF(OFFSET('NAV - BM01'!$A1,1,0,'NAV - BM01'!$B1),"S",OFFSET('NAV - BM01'!A1,1,0,'NAV - BM01'!$B1))
Name SomaAgrup: SUMIF(OFFSET('NAV - BM02'!$A1,1,0,'NAV - BM02'!$B1),"S",OFFSET('NAV - BM02'!A1,1,0,'NAV - BM02'!$B1))
Name SomaAgrup: SUMIF(OFFSET('NAV - cronograma'!$A1,1,0,'NAV - cronograma'!$B1),"S",OFFSET('NAV - cronograma'!A1,1,0,'NAV - cronograma'!$B1))
Name SomaAgrup: SUMIF(OFFSET('NAV - orçamento'!$A1,1,0,'NAV - orçamento'!$B1),"S",OFFSET('NAV - orçamento'!A1,1,0,'NAV - orçamento'!$B1))
Name SomaAgrup: SUMIF(OFFSET(Rascunho!$A1,1,0,Rascunho!$B1),"S",OFFSET(Rascunho!A1,1,0,Rascunho!$B1))
Name SomaAgrup: SUMIF(OFFSET(#REF!,1,0,#REF!),"S",OFFSET(#REF!,1,0,#REF!))
Name total: ROUND(ROUND('NAV - BM01'!XFC1,'NAV - BM01'!arredquant)*ROUND('NAV - BM01'!XFD1,'NAV - BM01'!arredunit),'NAV - BM01'!arredtot)
Name total: ROUND(ROUND('NAV - BM02'!XFC1,'NAV - BM02'!arredquant)*ROUND('NAV - BM02'!XFD1,'NAV - BM02'!arredunit),'NAV - BM02'!arredtot)
Name total: ROUND(ROUND('NAV - cronograma'!XFC1,'NAV - cronograma'!arredquant)*ROUND('NAV - cronograma'!XFD1,'NAV - cronograma'!arredunit),'NAV - cronograma'!arredtot)
Name total: ROUND(ROUND('NAV - orçamento'!XFC1,'NAV - orçamento'!arredquant)*ROUND('NAV - orçamento'!XFD1,'NAV - orçamento'!arredunit),'NAV - orçamento'!arredtot)
Name total: ROUND(ROUND(Rascunho!XFC1,Rascunho!arredquant)*ROUND(Rascunho!XFD1,Rascunho!arredunit),Rascunho!arredtot)
Name total: ROUND(ROUND(#REF!,arredquant)*ROUND(#REF!,arredunit),arredtot)
Name varanda: ROUND(ROUND(#REF!,arredquant)*ROUND(#REF!,arredunit),arredtot)
Name varanda: ROUND(ROUND(#REF!,arredquant)*ROUND(#REF!,arredunit),arredtot)
Name varanda: ROUND(ROUND(#REF!,arredquant)*ROUND(#REF!,arredunit),arredtot)
Name varanda: ROUND(ROUND(#REF!,arredquant)*ROUND(#REF!,arredunit),arredtot)

Sheet Rascunho
A1: PREFEITURA MUNICIPAL DE SALTO DO JACUÍ
A2: OBRA | B2: AMPLIAÇÃO E REFORMA UBS NAVEGANTES | D2: ÁREA | E2: 198.13 | G2: Ref. Sinapi: | H2: 46113
A3: LOCAL | B3: Rua José Napoleão Pereira, nº 44, Salto do Jacuí/RS | D3: BDI | E3: =BDI!F13 -> 0.2520026 | F3: %
A4: ORÇAMENTO
E5: QUANTIDADES | I5: QUANTIDADES EXECUTADAS
A7: Código Sinapi | B7: Item | C7: Discriminação | D7: Unid. | E7: Qtde. | F7: Preço Unitário (R$) | G7: Preço Unit+BDI (R$) | H7: Preço Total (R$) | I7: % periodo | J7: % acumulada | K7: valor do BM | L7: acumulado
B9: 1 | C9: SERVIÇOS PRELIMINARES E GERAIS | H9: =SUM(H10:H12) -> 4803.17 | K9: =SUM(K11:K12) -> 0 | L9: =SUM(L11:L12) -> 0
A10: 103689 | B10: 1.1 | C10: PLACA DE OBRA | D10: m² | E10: 4.5 | F10: 494.7 | G10: =ROUND((F10*$E$3)+F10,2) -> 619.37 | H10: =ROUND(ROUND(E10,2)*G10,2) -> 2787.17
A11: 97635 | B11: 1.2 | C11: REMOÇÃO DE PISO EM PAVER | D11: m² | E11: 68 | F11: 17.89 | G11: =ROUND((F11*$E$3)+F11,2) -> 22.4 | H11: =ROUND(ROUND(E11,2)*G11,2) -> 1523.2 | J11: =I11+'NAV - BM01'!J10 -> 0 | K11: =I11*H11 -> 0 | L11: =J11*H11 -> 0
A12: 97635 | B12: 1.3 | C12: REMOÇÃO DE CONCRETO DE CALÇADAS | D12: m³ | E12: 22 | F12: 17.89 | G12: =ROUND((F12*$E$3)+F12,2) -> 22.4 | H12: =ROUND(ROUND(E12,2)*G12,2) -> 492.8 | J12: =I12+'NAV - BM01'!J11 -> 0 | K12: =I12*H12 -> 0 | L12: =J12*H12 -> 0
A13: 96522 | B13: 2.1 | C13: ESCAVAÇÃO MANUAL SAPATA CORRIDA 40x40cm | D13: m³ | E13: 0 | F13: 129.74 | G13: =ROUND((F13*$E$3)+F13,2) -> 162.43 | H13: =ROUND(ROUND(E13,2)*G13,2) -> 0 | J13: =I13+'NAV - BM01'!J14 -> 1 | K13: =I13*H13 -> 0 | L13: =J13*H13 -> 0 | N13: 0
A14: 102487 | B14: 2.2 | C14: CONCRETO CICLÓPICO 30 % PEDRA, PREPARO E LANÇAMENTO | D14: m³ | E14: =((100%-J14)*N14) -> 0.528 | F14: 652.74 | G14: =ROUND((F14*$E$3)+F14,2) -> 817.23 | H14: =ROUND(ROUND(E14,2)*G14,2) -> 433.13 | J14: =I14+'NAV - BM01'!J15 -> 0.95 | K14: =I14*H14 -> 0 | L14: =J14*H14 -> 411.4735 | N14: =((100%-S14)*10.56) -> 10.56 | O14: =((E14/N14)-1) -> -0.95
A15: 92763 | B15: 2.2 | C15: ARMAÇÃO FERRAGEM CA-50 12,5 MM | D15: kg | E15: =((100%-J15)*N15) -> 19.156 | F15: 8.89 | G15: =ROUND((F15*$E$3)+F15,2) -> 11.13 | H15: =ROUND(ROUND(E15,2)*G15,2) -> 213.25 | I15: 0.9 | J15: =I15+'NAV - BM01'!J16 -> 0.9 | K15: =I15*H15 -> 191.925 | L15: =J15*H15 -> 191.925 | N15: 191.56 | O15: =((E15/N15)-1) -> -0.9
A16: 92762 | B16: 2.3 | C16: ARMAÇÃO FERRAGEM CA-50 10 MM | D16: kg | E16: =((100%-J16)*N16) -> 44.992 | F16: 10.62 | G16: =ROUND((F16*$E$3)+F16,2) -> 13.3 | H16: =ROUND(ROUND(E16,2)*G16,2) -> 598.37 | I16: 0.55 | J16: =I16+'NAV - BM01'!J17 -> 0.9 | K16: =I16*H16 -> 329.1035 | L16: =J16*H16 -> 538.533 | N16: 449.92 | O16: =((E16/N16)-1) -> -0.9
A17: 92760 | B17: 2.4 | C17: ARMAÇÃO FERRAGEM CA-50 6,3 MM | D17: kg | E17: =((100%-J17)*N17) -> 5.096 | F17: 12.93 | G17: =ROUND((F17*$E$3)+F17,2) -> 16.19 | H17: =ROUND(ROUND(E17,2)*G17,2) -> 82.57 | I17: 0.9 | J17: =I17+'NAV - BM01'!J18 -> 0.9 | K17: =I17*H17 -> 74.313 | L17: =J17*H17 -> 74.313 | N17: 50.96 | O17: =((E17/N17)-1) -> -0.9
A18: 92759 | B18: 2.5 | C18: ARMAÇÃO FERRAGEM CA-50 5 MM | D18: kg | E18: =((100%-J18)*N18) -> 7.896 | F18: 13.95 | G18: =ROUND((F18*$E$3)+F18,2) -> 17.47 | H18: =ROUND(ROUND(E18,2)*G18,2) -> 138.01 | I18: 0.55 | J18: =I18+'NAV - BM01'!J19 -> 0.9 | K18: =I18*H18 -> 75.9055 | L18: =J18*H18 -> 124.209 | N18: 78.96 | O18: =((E18/N18)-1) -> -0.9
A19: 92767 | B19: 2.6 | C19: ARMAÇÃO FERRAGEM CA-50 4,2 MM | D19: kg | E19: =((100%-J19)*N19) -> 2.607 | F19: 15.31 | G19: =ROUND((F19*$E$3)+F19,2) -> 19.17 | H19: =ROUND(ROUND(E19,2)*G19,2) -> 50.03 | I19: 0.9 | J19: =I19+'NAV - BM01'!J20 -> 0.9 | K19: =I19*H19 -> 45.027 | L19: =J19*H19 -> 45.027 | N19: 26.07 | O19: =((E19/N19)-1) -> -0.9
A20: 102476 | B20: 2.7 | C20: CONCRETO FCK 25MPA - VIGAS, PILARES E VERGAS | D20: m³ | E20: =((100%-J20)*N20) -> 0.925 | F20: 720.22 | G20: =ROUND((F20*$E$3)+F20,2) -> 901.72 | H20: =ROUND(ROUND(E20,2)*G20,2) -> 838.6 | I20: 0.55 | J20: =I20+'NAV - BM01'!J21 -> 0.9 | K20: =I20*H20 -> 461.23 | L20: =J20*H20 -> 754.74 | N20: 9.25 | O20: =((E20/N20)-1) -> -0.9
A21: 102474 | B21: 2.8 | C21: CONCRETO FCK 20MPA - CONTRAPISO | D21: m³ | E21: =((100%-J21)*N21) -> 5.68 | F21: 637.63 | G21: =ROUND((F21*$E$3)+F21,2) -> 798.31 | H21: =ROUND(ROUND(E21,2)*G21,2) -> 4534.4 | J21: =I21+'NAV - BM01'!J22 -> 0 | K21: =I21*H21 -> 0 | L21: =J21*H21 -> 0 | N21: 5.68 | O21: =((E21/N21)-1) -> 0
A22: 92265 | B22: 2.9 | C22: FORMAS VIGAS, PILARES E VERGAS | D22: m² | E22: =((100%-J22)*N22) -> 3.683 | F22: 133.87 | G22: =ROUND((F22*$E$3)+F22,2) -> 167.61 | H22: =ROUND(ROUND(E22,2)*G22,2) -> 616.8 | I22: 0.55 | J22: =I22+'NAV - BM01'!J23 -> 0.9 | K22: =I22*H22 -> 339.24 | L22: =J22*H22 -> 555.12 | N22: 36.83 | O22: =((E22/N22)-1) -> -0.9
A23: 96522 | B23: 2.10 | C23: ESCAVAÇÃO MANUAL SAPATA CORRIDA 40x40cm - MURO | D23: m³ | E23: =((100%-J23)*N23) -> 10.6 | F23: 160.55 | G23: =ROUND((F23*$E$3)+F23,2) -> 201.01 | H23: =ROUND(ROUND(E23,2)*G23,2) -> 2130.71 | J23: =I23+'NAV - BM01'!J24 -> 0 | K23: =I23*H23 -> 0 | L23: =J23*H23 -> 0 | N23: 10.6 | O23: =((E23/N23)-1) -> 0
A24: 102487 | B24: 2.11 | C24: CONCRETO CICLÓPICO 30 % PEDRA, PREPARO E LANÇAMENTO - MURO | D24: m³ | E24: =((100%-J24)*N24) -> 6.36 | F24: =F14 -> 652.74 | G24: =ROUND((F24*$E$3)+F24,2) -> 817.23 | H24: =ROUND(ROUND(E24,2)*G24,2) -> 5197.58 | J24: =I24+'NAV - BM01'!J25 -> 0 | K24: =I24*H24 -> 0 | L24: =J24*H24 -> 0 | N24: 6.36 | O24: =((E24/N24)-1) -> 0
A25: =A15 -> 92763 | B25: 2.12 | C25: ARMAÇÃO FERRAGEM CA-50 12,5 MM - MURO | D25: kg | E25: =((100%-J25)*N25) -> 92.48 | F25: =F15 -> 8.89 | G25: =ROUND((F25*$E$3)+F25,2) -> 11.13 | H25: =ROUND(ROUND(E25,2)*G25,2) -> 1029.3 | J25: =I25+'NAV - BM01'!J26 -> 0 | K25: =I25*H25 -> 0 | L25: =J25*H25 -> 0 | N25: 92.48 | O25: =((E25/N25)-1) -> 0
A26: =A16 -> 92762 | B26: 2.13 | C26: ARMAÇÃO FERRAGEM CA-50 10 MM - MURO | D26: kg | E26: =((100%-J26)*N26) -> 86.38 | F26: =F16 -> 10.62 | G26: =ROUND((F26*$E$3)+F26,2) -> 13.3 | H26: =ROUND(ROUND(E26,2)*G26,2) -> 1148.85 | J26: =I26+'NAV - BM01'!J27 -> 0 | K26: =I26*H26 -> 0 | L26: =J26*H26 -> 0 | N26: 86.38 | O26: =((E26/N26)-1) -> 0
A27: 92761 | B27: 2.14 | C27: ARMAÇÃO FERRAGEM CA-50 8 MM - MURO | D27: kg | E27: =((100%-J27)*N27) -> 186.28 | F27: 12 | G27: =ROUND((F27*$E$3)+F27,2) -> 15.02 | H27: =ROUND(ROUND(E27,2)*G27,2) -> 2797.93 | J27: =I27+'NAV - BM01'!J28 -> 0 | K27: =I27*H27 -> 0 | L27: =J27*H27 -> 0 | N27: 186.28 | O27: =((E27/N27)-1) -> 0
A28: =A18 -> 92759 | B28: 2.15 | C28: ARMAÇÃO FERRAGEM CA-50 5 MM - MURO | D28: kg | E28: =((100%-J28)*N28) -> 95.78 | F28: =F18 -> 13.95 | G28: =ROUND((F28*$E$3)+F28,2) -> 17.47 | H28: =ROUND(ROUND(E28,2)*G28,2) -> 1673.28 | J28: =I28+'NAV - BM01'!J29 -> 0 | K28: =I28*H28 -> 0 | L28: =J28*H28 -> 0 | N28: 95.78 | O28: =((E28/N28)-1) -> 0
A29: 102476 | B29: 2.16 | C29: CONCRETO FCK 25MPA - VIGAS, PILARES E VERGAS - MURO | D29: m³ | E29: =((100%-J29)*N29) -> 4.77 | F29: =F20 -> 720.22 | G29: =ROUND((F29*$E$3)+F29,2) -> 901.72 | H29: =ROUND(ROUND(E29,2)*G29,2) -> 4301.2 | J29: =I29+'NAV - BM01'!J30 -> 0 | K29: =I29*H29 -> 0 | L29: =J29*H29 -> 0 | N29: 4.77 | O29: =((E29/N29)-1) -> 0
A30: 92265 | B30: 2.17 | C30: FORMAS VIGAS, PILARES E VERGAS - MURO | D30: m² | E30: =((100%-J30)*N30) -> 39.47 | F30: =F22 -> 133.87 | G30: =ROUND((F30*$E$3)+F30,2) -> 167.61 | H30: =ROUND(ROUND(E30,2)*G30,2) -> 6615.57 | J30: =I30+'NAV - BM01'!J31 -> 0 | K30: =I30*H30 -> 0 | L30: =J30*H30 -> 0 | N30: 39.47 | O30: =((E30/N30)-1) -> 0
A31: 101165 | B31: 2.18 | C31: ALVENARIA DE EMBASAMENTO TIJOLO MACIÇO | D31: m³ | E31: =((100%-J31)*N31) -> 0.206 | F31: 1144.15 | G31: =ROUND((F31*$E$3)+F31,2) -> 1432.48 | H31: =ROUND(ROUND(E31,2)*G31,2) -> 300.82 | J31: =I31+'NAV - BM01'!J32 -> 0.95 | K31: =I31*H31 -> 0 | L31: =J31*H31 -> 285.779 | N31: 4.12 | O31: =((E31/N31)-1) -> -0.95
A32: 103330 | B32: 3.1 | C32: ALVENARIA BLOCOS CERÂMICOS 11,5X14X19 | D32: m² | E32: =((100%-J32)*N32) -> 27.66 | F32: 86.72 | G32: =ROUND((F32*$E$3)+F32,2) -> 108.57 | H32: =ROUND(ROUND(E32,2)*G32,2) -> 3003.05 | I32: 0.85 | J32: =I32+'NAV - BM01'!J35 -> 0.85 | K32: =I32*H32 -> 2552.5925 | L32: =J32*H32 -> 2552.5925 | N32: 184.4 | O32: =((E32/N32)-1) -> -0.85
A33: 103330 | B33: 3.2 | C33: ALVENARIA BLOCOS CERÂMICOS 11,5X14X19 - MURO | D33: m² | E33: =((100%-J33)*N33) -> 78.39 | F33: =F32 -> 86.72 | G33: =ROUND((F33*$E$3)+F33,2) -> 108.57 | H33: =ROUND(ROUND(E33,2)*G33,2) -> 8510.8 | J33: =I33+'NAV - BM01'!J36 -> 0 | K33: =I33*H33 -> 0 | L33: =J33*H33 -> 0 | N33: 78.39 | O33: =((E33/N33)-1) -> 0
A34: 92544 | B34: 4.1 | C34: TRAMA DE MADEIRA (prolongamento do beiral da área a reformar) | D34: m² | E34: =((100%-J34)*N34) -> 95.52 | F34: 20.69 | G34: =ROUND((F34*$E$3)+F34,2) -> 25.9 | H34: =ROUND(ROUND(E34,2)*G34,2) -> 2473.97 | J34: =I34+'NAV - BM01'!J39 -> 0 | K34: =I34*H34 -> 0 | L34: =J34*H34 -> 0 | N34: 95.52 | O34: =((E34/N34)-1) -> 0
A35: 94213 | B35: 4.2 | C35: TELHAMENTO TELHAS METÁLICAS (TP 40 0,50mm, trapezoidal) , incluso cortes, dobras, parafusos, buchas, fita dupla face de vedação e instalação. | D35: m² | E35: =((100%-J35)*N35) -> 95.52 | F35: 63.02 | G35: =ROUND((F35*$E$3)+F35,2) -> 78.9 | H35: =ROUND(ROUND(E35,2)*G35,2) -> 7536.53 | J35: =I35+'NAV - BM01'!J40 -> 0 | K35: =I35*H35 -> 0 | L35: =J35*H35 -> 0 | N35: 95.52 | O35: =((E35/N35)-1) -> 0
A36: 94227 | B36: 4.3 | C36: RUFOS E CALHAS EM CHAPA DE AÇO GALVANIZADO (com fechamento total da platibanda na parte interna e superior), incluso, corte, dobra, parafusos, buchas, rebites, fita de vedação dupla face, adesivo PU, e instalação | D36: m | E36: =((100%-J36)*N36) -> 36.32 | F36: 73.61 | G36: =ROUND((F36*$E$3)+F36,2) -> 92.16 | H36: =ROUND(ROUND(E36,2)*G36,2) -> 3347.25 | J36: =I36+'NAV - BM01'!J41 -> 0 | K36: =I36*H36 -> 0 | L36: =J36*H36 -> 0 | N36: 36.32 | O36: =((E36/N36)-1) -> 0
A37: 96116 | B37: 4.4 | C37: FORRO PVC (3D, inclusive estrutura de fixação) | D37: m² | E37: =((100%-J37)*N37) -> 6.8 | F37: 74.84 | G37: =ROUND((F37*$E$3)+F37,2) -> 93.7 | H37: =ROUND(ROUND(E37,2)*G37,2) -> 637.16 | J37: =I37+'NAV - BM01'!J42 -> 0 | K37: =I37*H37 -> 0 | L37: =J37*H37 -> 0 | N37: 6.8 | O37: =((E37/N37)-1) -> 0
A38: 96121 | B38: 4.5 | C38: RODA FORRO PVC "U" (3D) | D38: m | E38: =((100%-J38)*N38) -> 13.6 | F38: 13.94 | G38: =ROUND((F38*$E$3)+F38,2) -> 17.45 | H38: =ROUND(ROUND(E38,2)*G38,2) -> 237.32 | J38: =I38+'NAV - BM01'!J43 -> 0 | K38: =I38*H38 -> 0 | L38: =J38*H38 -> 0 | N38: 13.6 | O38: =((E38/N38)-1) -> 0
A39: 96114 | B39: 4.6 | C39: FORRO GESSO ACARTONADO | D39: m² | E39: =((100%-J39)*N39) -> 81.2 | F39: 86.76 | G39: =ROUND((F39*$E$3)+F39,2) -> 108.62 | H39: =ROUND(ROUND(E39,2)*G39,2) -> 8819.94 | J39: =I39+'NAV - BM01'!J44 -> 0 | K39: =I39*H39 -> 0 | L39: =J39*H39 -> 0 | N39: 81.2 | O39: =((E39/N39)-1) -> 0
A40: 100764 | B40: 4.7 | C40: PERFIL METALICO 0,10X0,30X - COBERTURA EXTERNA | D40: kg | E40: =((100%-J40)*N40) -> 200.7 | F40: 19.34 | G40: =ROUND((F40*$E$3)+F40,2) -> 24.21 | H40: =ROUND(ROUND(E40,2)*G40,2) -> 4858.95 | J40: =I40+'NAV - BM01'!J45 -> 0 | K40: =I40*H40 -> 0 | L40: =J40*H40 -> 0 | N40: 200.7 | O40: =((E40/N40)-1) -> 0
A41: 100764 | B41: 4.8 | C41: PERFIL METALICO 0,10X0,30X - COBERTURA EXTERNA | D41: kg | E41: =((100%-J41)*N41) -> 281.34 | F41: 19.34 | G41: =ROUND((F41*$E$3)+F41,2) -> 24.21 | H41: =ROUND(ROUND(E41,2)*G41,2) -> 6811.24 | J41: =I41+'NAV - BM01'!J46 -> 0 | K41: =I41*H41 -> 0 | L41: =J41*H41 -> 0 | N41: 281.34 | O41: =((E41/N41)-1) -> 0
A42: 100764 | B42: 4.9 | C42: PERFIL METALICO 0,10X0,20X - COBERTURA EXTERNA | D42: kg | E42: =((100%-J42)*N42) -> 334.97 | F42: 19.34 | G42: =ROUND((F42*$E$3)+F42,2) -> 24.21 | H42: =ROUND(ROUND(E42,2)*G42,2) -> 8109.62 | J42: =I42+'NAV - BM01'!J47 -> 0 | K42: =I42*H42 -> 0 | L42: =J42*H42 -> 0 | N42: 334.97 | O42: =((E42/N42)-1) -> 0
A43: 94213 | B43: 4.10 | C43: TELHAMENTO TELHAS METÁLICAS (TP 40 0,50mm, trapezoidal) - COB. EXT. | D43: m² | E43: =((100%-J43)*N43) -> 59.44 | F43: =F35 -> 63.02 | G43: =ROUND((F43*$E$3)+F43,2) -> 78.9 | H43: =ROUND(ROUND(E43,2)*G43,2) -> 4689.82 | J43: =I43+'NAV - BM01'!J48 -> 0 | K43: =I43*H43 -> 0 | L43: =J43*H43 -> 0 | N43: 59.44 | O43: =((E43/N43)-1) -> 0
A44: mercado local | B44: 4.11 | C44: COBERTURA EM ACRILICO - COBERTURA EXTERNA | D44: m² | E44: =((100%-J44)*N44) -> 24.44 | F44: 185 | G44: =ROUND((F44*$E$3)+F44,2) -> 231.62 | H44: =ROUND(ROUND(E44,2)*G44,2) -> 5660.79 | J44: =I44+'NAV - BM01'!J49 -> 0 | K44: =I44*H44 -> 0 | L44: =J44*H44 -> 0 | N44: 24.44 | O44: =((E44/N44)-1) -> 0
A45: 96116 | B45: 4.12 | C45: FORRO PVC (3D, inclusive estrutura de fixação) - COBERTURA EXTERNA | D45: m² | E45: =((100%-J45)*N45) -> 56.48 | F45: =F37 -> 74.84 | G45: =ROUND((F45*$E$3)+F45,2) -> 93.7 | H45: =ROUND(ROUND(E45,2)*G45,2) -> 5292.18 | J45: =I45+'NAV - BM01'!J50 -> 0 | K45: =I45*H45 -> 0 | L45: =J45*H45 -> 0 | N45: 56.48 | O45: =((E45/N45)-1) -> 0
A46: 87878 | B46: 5.1 | C46: CHAPISCO INTERNO E EXTERNO | D46: m² | E46: =((100%-J46)*N46) -> 389.45 | F46: 5.46 | G46: =ROUND((F46*$E$3)+F46,2) -> 6.84 | H46: =ROUND(ROUND(E46,2)*G46,2) -> 2663.84 | J46: =I46+'NAV - BM01'!J53 -> 0 | K46: =I46*H46 -> 0 | L46: =J46*H46 -> 0 | N46: 389.45 | O46: =((E46/N46)-1) -> 0
A47: 87550 | B47: 5.2 | C47: EMBOÇO INTERNO - esp 2,0cm | D47: m² | E47: =((100%-J47)*N47) -> 389.45 | F47: 29.23 | G47: =ROUND((F47*$E$3)+F47,2) -> 36.6 | H47: =ROUND(ROUND(E47,2)*G47,2) -> 14253.87 | J47: =I47+'NAV - BM01'!J54 -> 0 | K47: =I47*H47 -> 0 | L47: =J47*H47 -> 0 | N47: =N46 -> 389.45 | O47: =((E47/N47)-1) -> 0
A48: 95305 | B48: 5.3 | C48: TEXTURA ACRILICA EXTERNA PIGMENTADA (cor, seguir a existente) | D48: m² | E48: =((100%-J48)*N48) -> 103.01 | F48: 14.92 | G48: =ROUND((F48*$E$3)+F48,2) -> 18.68 | H48: =ROUND(ROUND(E48,2)*G48,2) -> 1924.23 | J48: =I48+'NAV - BM01'!J55 -> 0 | K48: =I48*H48 -> 0 | L48: =J48*H48 -> 0 | N48: 103.01 | O48: =((E48/N48)-1) -> 0
A49: 88495 | B49: 5.4 | C49: MASSA FINA INTERNA | D49: m² | E49: =((100%-J49)*N49) -> 190.44 | F49: 13.04 | G49: =ROUND((F49*$E$3)+F49,2) -> 16.33 | H49: =ROUND(ROUND(E49,2)*G49,2) -> 3109.89 | J49: =I49+'NAV - BM01'!J56 -> 0 | K49: =I49*H49 -> 0 | L49: =J49*H49 -> 0 | N49: =N47-(N48+N50) -> 190.44 | O49: =((E49/N49)-1) -> 0
A50: 87273 | B50: 5.5 | C50: CERAMICA DE PAREDE (seguir o padrão existente, incluso ceramica, cimento cola, rejunte e instalação) | D50: m² | E50: =((100%-J50)*N50) -> 96 | F50: 66.35 | G50: =ROUND((F50*$E$3)+F50,2) -> 83.07 | H50: =ROUND(ROUND(E50,2)*G50,2) -> 7974.72 | J50: =I50+'NAV - BM01'!J57 -> 0 | K50: =I50*H50 -> 0 | L50: =J50*H50 -> 0 | N50: 96 | O50: =((E50/N50)-1) -> 0
A51: 87257 | B51: 5.6 | C51: CERAMICA DE PISO (seguir o padrão existente, incluso ceramica, cimento cola, rejunte e instalação) | D51: m² | E51: =((100%-J51)*N51) -> 88.2 | F51: 61.55 | G51: =ROUND((F51*$E$3)+F51,2) -> 77.06 | H51: =ROUND(ROUND(E51,2)*G51,2) -> 6796.69 | J51: =I51+'NAV - BM01'!J58 -> 0 | K51: =I51*H51 -> 0 | L51: =J51*H51 -> 0 | N51: 88.2 | O51: =((E51/N51)-1) -> 0
A52: 88485 | B52: 5.7 | C52: PINTURA INTERNA FUNDO SELADOR | D52: m² | E52: =((100%-J52)*N52) -> 190.44 | F52: 4.03 | G52: =ROUND((F52*$E$3)+F52,2) -> 5.05 | H52: =ROUND(ROUND(E52,2)*G52,2) -> 961.72 | J52: =I52+'NAV - BM01'!J59 -> 0 | K52: =I52*H52 -> 0 | L52: =J52*H52 -> 0 | N52: =N49 -> 190.44 | O52: =((E52/N52)-1) -> 0
A53: 88489 | B53: 5.8 | C53: PINTURA INTERNA TINTA ACRILICA (cor, seguir a existente) | D53: m² | E53: =((100%-J53)*N53) -> 103.01 | F53: 14.09 | G53: =ROUND((F53*$E$3)+F53,2) -> 17.64 | H53: =ROUND(ROUND(E53,2)*G53,2) -> 1817.1 | J53: =I53+'NAV - BM01'!J60 -> 0 | K53: =I53*H53 -> 0 | L53: =J53*H53 -> 0 | N53: =N48 -> 103.01 | O53: =((E53/N53)-1) -> 0
A54: 100726 | B54: 5.9 | C54: PINTURA ESMALTE SINTETICO SOBRE METAL - COBERTURA EXTERNA | D54: m² | E54: =((100%-J54)*N54) -> 61.17 | F54: 30.02 | G54: =ROUND((F54*$E$3)+F54,2) -> 37.59 | H54: =ROUND(ROUND(E54,2)*G54,2) -> 2299.38 | J54: =I54+'NAV - BM01'!J61 -> 0 | K54: =I54*H54 -> 0 | L54: =J54*H54 -> 0 | N54: 61.17 | O54: =((E54/N54)-1) -> 0
A55: 92396 | B55: 5.10 | C55: PAVIMENTAÇÃO EM PAVER | D55: uni | E55: =((100%-J55)*N55) -> 40.31 | F55: 83.92 | G55: =ROUND((F55*$E$3)+F55,2) -> 105.07 | H55: =ROUND(ROUND(E55,2)*G55,2) -> 4235.37 | J55: =I55+'NAV - BM01'!J62 -> 0 | K55: =I55*H55 -> 0 | L55: =J55*H55 -> 0 | N55: 40.31 | O55: =((E55/N55)-1) -> 0
A56: 94273 | B56: 5.11 | C56: COLOCAÇÃO DE MEIO FIO | D56: m | E56: =((100%-J56)*N56) -> 33.09 | F56: 53.06 | G56: =ROUND((F56*$E$3)+F56,2) -> 66.43 | H56: =ROUND(ROUND(E56,2)*G56,2) -> 2198.17 | J56: =I56+'NAV - BM01'!J63 -> 0 | K56: =I56*H56 -> 0 | L56: =J56*H56 -> 0 | N56: 33.09 | O56: =((E56/N56)-1) -> 0
A57: 34747 | B57: 5.12 | C57: PINGADEIRA / SOLEIRA EM GRANITO (modelo, seguir o existente) | D57: m | E57: =((100%-J57)*N57) -> 12.4 | F57: 144.53 | G57: =ROUND((F57*$E$3)+F57,2) -> 180.95 | H57: =ROUND(ROUND(E57,2)*G57,2) -> 2243.78 | J57: =I57+'NAV - BM01'!J64 -> 0 | K57: =I57*H57 -> 0 | L57: =J57*H57 -> 0 | N57: 12.4 | O57: =((E57/N57)-1) -> 0
A58: 90796 | B58: 6.1 | C58: KIT PORTA 0,80 X 2,10 m (branca, completa, instalada) | D58: uni | E58: =((100%-J58)*N58) -> 6 | F58: 943.54 | G58: =ROUND((F58*$E$3)+F58,2) -> 1181.31 | H58: =ROUND(ROUND(E58,2)*G58,2) -> 7087.86 | J58: =I58+'NAV - BM01'!J67 -> 0 | K58: =I58*H58 -> 0 | L58: =J58*H58 -> 0 | N58: 6 | O58: =((E58/N58)-1) -> 0
A59: 94805 | B59: 6.3 | C59: PORTA EM ALUMINIO E VIDRO 1,10 X 2,10m - 2 uni (completa, instalada) | D59: m² | E59: =((100%-J59)*N59) -> 5.04 | F59: 1290.65 | G59: =ROUND((F59*$E$3)+F59,2) -> 1615.9 | H59: =ROUND(ROUND(E59,2)*G59,2) -> 8144.14 | J59: =I59+'NAV - BM01'!J68 -> 0 | K59: =I59*H59 -> 0 | L59: =J59*H59 -> 0 | N59: 5.04 | O59: =((E59/N59)-1) -> 0
A60: 94573 | B60: 6.4 | C60: JANELA EM ALUMINO CORRER 2,00 X 0,80m - 4 uni (completa, instalada) | D60: m² | E60: =((100%-J60)*N60) -> 6.4 | F60: 489.71 | G60: =ROUND((F60*$E$3)+F60,2) -> 613.12 | H60: =ROUND(ROUND(E60,2)*G60,2) -> 3923.97 | J60: =I60+'NAV - BM01'!J69 -> 0 | K60: =I60*H60 -> 0 | L60: =J60*H60 -> 0 | N60: 6.4 | O60: =((E60/N60)-1) -> 0
A61: 94569 | B61: 6.5 | C61: JANELA EM ALUMINO MAXIM-AR 1,00 X 0,40m - 2 uni (compl, instalada) | D61: m² | E61: =((100%-J61)*N61) -> 0.8 | F61: 825.36 | G61: =ROUND((F61*$E$3)+F61,2) -> 1033.35 | H61: =ROUND(ROUND(E61,2)*G61,2) -> 826.68 | J61: =I61+'NAV - BM01'!J70 -> 0 | K61: =I61*H61 -> 0 | L61: =J61*H61 -> 0 | N61: 0.8 | O61: =((E61/N61)-1) -> 0
A62: 102182 | B62: 6.6 | C62: PORTA EM ALUMINIO E VIDRO 1,60 X 2,10m - 1 uni (completa, instalada) | D62: m² | E62: =((100%-J62)*N62) -> 3.36 | F62: 929.88 | G62: =ROUND((F62*$E$3)+F62,2) -> 1164.21 | H62: =ROUND(ROUND(E62,2)*G62,2) -> 3911.75 | J62: =I62+'NAV - BM01'!J71 -> 0 | K62: =I62*H62 -> 0 | L62: =J62*H62 -> 0 | N62: 3.36 | O62: =((E62/N62)-1) -> 0
A63: 91785 | B63: 7.1 | C63: TUBULAÇÃO AGUA FRIA 25MM (incluindo fixação, conecxões e corte) | D63: m | E63: =((100%-J63)*N63) -> 2 | F63: 567.22 | G63: =ROUND((F63*$E$3)+F63,2) -> 710.16 | H63: =ROUND(ROUND(E63,2)*G63,2) -> 1420.32 | J63: =I63+'NAV - BM01'!J74 -> 0 | K63: =I63*H63 -> 0 | L63: =J63*H63 -> 0 | N63: 2 | O63: =((E63/N63)-1) -> 0
A64: 89495 | B64: 7.3 | C64: RALO SIFONADO 150mm | D64: uni | E64: =((100%-J64)*N64) -> 2 | F64: 22.74 | G64: =ROUND((F64*$E$3)+F64,2) -> 28.47 | H64: =ROUND(ROUND(E64,2)*G64,2) -> 56.94 | J64: =I64+'NAV - BM01'!J75 -> 0 | K64: =I64*H64 -> 0 | L64: =J64*H64 -> 0 | N64: 2 | O64: =((E64/N64)-1) -> 0
A65: 91794 | B65: 7.4 | C65: TUBULAÇÃO ESGOTO 75MM (incluindo fixação, conecxões e corte) | D65: m | E65: =((100%-J65)*N65) -> 11 | F65: 35.26 | G65: =ROUND((F65*$E$3)+F65,2) -> 44.15 | H65: =ROUND(ROUND(E65,2)*G65,2) -> 485.65 | J65: =I65+'NAV - BM01'!J76 -> 0 | K65: =I65*H65 -> 0 | L65: =J65*H65 -> 0 | N65: 11 | O65: =((E65/N65)-1) -> 0
A66: 91793 | B66: 7.5 | C66: TUBULAÇÃO ESGOTO 50MM (incluindo fixação, conecxões e corte) | D66: m | E66: =((100%-J66)*N66) -> 8 | F66: 27.32 | G66: =ROUND((F66*$E$3)+F66,2) -> 34.2 | H66: =ROUND(ROUND(E66,2)*G66,2) -> 273.6 | J66: =I66+'NAV - BM01'!J77 -> 0 | K66: =I66*H66 -> 0 | L66: =J66*H66 -> 0 | N66: 8 | O66: =((E66/N66)-1) -> 0
A67: 91795 | B67: 7.6 | C67: TUBULAÇÃO ESGOTO 100MM (incluindo fixação, conecxões e corte) | D67: m | E67: =((100%-J67)*N67) -> 18.2 | F67: 38.03 | G67: =ROUND((F67*$E$3)+F67,2) -> 47.61 | H67: =ROUND(ROUND(E67,2)*G67,2) -> 866.5 | J67: =I67+'NAV - BM01'!J78 -> 0.35 | K67: =I67*H67 -> 0 | L67: =J67*H67 -> 303.275 | N67: 28 | O67: =((E67/N67)-1) -> -0.35
A68: 86906 | B68: 7.7 | C68: TORNEIRA (completo incluso instalação) | D68: uni | E68: =((100%-J68)*N68) -> 3 | F68: 138.1 | G68: =ROUND((F68*$E$3)+F68,2) -> 172.9 | H68: =ROUND(ROUND(E68,2)*G68,2) -> 518.7 | J68: =I68+'NAV - BM01'!J79 -> 0 | K68: =I68*H68 -> 0 | L68: =J68*H68 -> 0 | N68: 3 | O68: =((E68/N68)-1) -> 0
A69: 86888 | B69: 7.8 | C69: VASO SANITARIO (completo incluso instalação) | D69: uni | E69: =((100%-J69)*N69) -> 1 | F69: 593.79 | G69: =ROUND((F69*$E$3)+F69,2) -> 743.43 | H69: =ROUND(ROUND(E69,2)*G69,2) -> 743.43 | J69: =I69+'NAV - BM01'!J80 -> 0 | K69: =I69*H69 -> 0 | L69: =J69*H69 -> 0 | N69: 1 | O69: =((E69/N69)-1) -> 0
A70: 86902 | B70: 7.9 | C70: LAVATORIO (completo incluso instalação) | D70: uni | E70: =((100%-J70)*N70) -> 1 | F70: 338.43 | G70: =ROUND((F70*$E$3)+F70,2) -> 423.72 | H70: =ROUND(ROUND(E70,2)*G70,2) -> 423.72 | J70: =I70+'NAV - BM01'!J81 -> 0 | K70: =I70*H70 -> 0 | L70: =J70*H70 -> 0 | N70: 1 | O70: =((E70/N70)-1) -> 0
A71: 86872 | B71: 7.10 | C71: TANQUE (completo incluso instalação) | D71: uni | E71: =((100%-J71)*N71) -> 1 | F71: 864.01 | G71: =ROUND((F71*$E$3)+F71,2) -> 1081.74 | H71: =ROUND(ROUND(E71,2)*G71,2) -> 1081.74 | J71: =I71+'NAV - BM01'!J82 -> 0 | K71: =I71*H71 -> 0 | L71: =J71*H71 -> 0 | N71: 1 | O71: =((E71/N71)-1) -> 0
A72: 102607 | B72: 7.11 | C72: CAIXA DE ÁGUA 1000L (completo incluso instalação) | D72: uni | E72: =((100%-J72)*N72) -> 1 | F72: 496.94 | G72: =ROUND((F72*$E$3)+F72,2) -> 622.17 | H72: =ROUND(ROUND(E72,2)*G72,2) -> 622.17 | J72: =I72+'NAV - BM01'!J83 -> 0 | K72: =I72*H72 -> 0 | L72: =J72*H72 -> 0 | N72: 1 | O72: =((E72/N72)-1) -> 0
A73: 41629 | B73: 7.12 | C73: CAIXA DE PASSAGEM PRÉ-MOLDADA (0,6X0,6X0,5m em concreto) | D73: uni | E73: =((100%-J73)*N73) -> 2 | F73: 469.62 | G73: =ROUND((F73*$E$3)+F73,2) -> 587.97 | H73: =ROUND(ROUND(E73,2)*G73,2) -> 1175.94 | J73: =I73+'NAV - BM01'!J84 -> 0 | K73: =I73*H73 -> 0 | L73: =J73*H73 -> 0 | N73: 2 | O73: =((E73/N73)-1) -> 0
A74: 39361 | B74: 7.13 | C74: FOSSA SEPTICA 1100L (PEAD) | D74: uni | E74: =((100%-J74)*N74) -> 0 | F74: 1793.85 | G74: =ROUND((F74*$E$3)+F74,2) -> 2245.9 | H74: =ROUND(ROUND(E74,2)*G74,2) -> 0 | J74: =I74+'NAV - BM01'!J85 -> 1 | K74: =I74*H74 -> 0 | L74: =J74*H74 -> 0 | N74: 0
A75: 98058 | B75: 7.14 | C75: FILTRO PRÉ-MOLDADO 1140L | D75: uni | E75: =((100%-J75)*N75) -> 0 | F75: 1793.85 | G75: =ROUND((F75*$E$3)+F75,2) -> 2245.9 | H75: =ROUND(ROUND(E75,2)*G75,2) -> 0 | J75: =I75+'NAV - BM01'!J86 -> 1 | K75: =I75*H75 -> 0 | L75: =J75*H75 -> 0 | N75: 0
A76: 98062 | B76: 7.15 | C76: SUMIDOURO PRÉ-MOLDADO 13,1m³ | D76: uni | E76: =((100%-J76)*N76) -> 0 | F76: 2977.07 | G76: =ROUND((F76*$E$3)+F76,2) -> 3727.3 | H76: =ROUND(ROUND(E76,2)*G76,2) -> 0 | J76: =I76+'NAV - BM01'!J87 -> 1 | K76: =I76*H76 -> 0 | L76: =J76*H76 -> 0 | N76: 0
A77: 102705 | B77: 7.16 | C77: DRENO CORRUGADO 100mm | D77: m | E77: =((100%-J77)*N77) -> 28 | F77: 75.81 | G77: =ROUND((F77*$E$3)+F77,2) -> 94.91 | H77: =ROUND(ROUND(E77,2)*G77,2) -> 2657.48 | J77: =I77+'NAV - BM01'!J88 -> 0 | K77: =I77*H77 -> 0 | L77: =J77*H77 -> 0 | N77: 28 | O77: =((E77/N77)-1) -> 0
A78: 39390 | B78: 8.1 | C78: LUMINARIA LED 30W | D78: uni | E78: =((100%-J78)*N78) -> 12 | F78: 23.51 | G78: =ROUND((F78*$E$3)+F78,2) -> 29.43 | H78: =ROUND(ROUND(E78,2)*G78,2) -> 353.16 | J78: =I78+'NAV - BM01'!J91 -> 0 | K78: =I78*H78 -> 0 | L78: =J78*H78 -> 0 | N78: 12 | O78: =((E78/N78)-1) -> 0
A79: 91926 | B79: 8.2 | C79: CABO FLEXIVEL 2,5mm | D79: m | E79: =((100%-J79)*N79) -> 185 | F79: 4.89 | G79: =ROUND((F79*$E$3)+F79,2) -> 6.12 | H79: =ROUND(ROUND(E79,2)*G79,2) -> 1132.2 | J79: =I79+'NAV - BM01'!J92 -> 0 | K79: =I79*H79 -> 0 | L79: =J79*H79 -> 0 | N79: 185 | O79: =((E79/N79)-1) -> 0
A80: 1872 | B80: 8.3 | C80: CAIXA DE PASSAGEM 4X2 | D80: uni | E80: =((100%-J80)*N80) -> 36 | F80: 2.86 | G80: =ROUND((F80*$E$3)+F80,2) -> 3.58 | H80: =ROUND(ROUND(E80,2)*G80,2) -> 128.88 | J80: =I80+'NAV - BM01'!J93 -> 0 | K80: =I80*H80 -> 0 | L80: =J80*H80 -> 0 | N80: 36 | O80: =((E80/N80)-1) -> 0
A81: 91834 | B81: 8.4 | C81: ELETRODUTO CORRUGADO 25mm | D81: m | E81: =((100%-J81)*N81) -> 125 | F81: 19.48 | G81: =ROUND((F81*$E$3)+F81,2) -> 24.39 | H81: =ROUND(ROUND(E81,2)*G81,2) -> 3048.75 | J81: =I81+'NAV - BM01'!J94 -> 0 | K81: =I81*H81 -> 0 | L81: =J81*H81 -> 0 | N81: 125 | O81: =((E81/N81)-1) -> 0
A82: 91996 | B82: 8.5 | C82: TOMADAS | D82: uni | E82: =((100%-J82)*N82) -> 18 | F82: 40.47 | G82: =ROUND((F82*$E$3)+F82,2) -> 50.67 | H82: =ROUND(ROUND(E82,2)*G82,2) -> 912.06 | J82: =I82+'NAV - BM01'!J95 -> 0 | K82: =I82*H82 -> 0 | L82: =J82*H82 -> 0 | N82: 18 | O82: =((E82/N82)-1) -> 0
A83: 91952 | B83: 8.6 | C83: INTERRUPTOR | D83: uni | E83: =((100%-J83)*N83) -> 8 | F83: 21.68 | G83: =ROUND((F83*$E$3)+F83,2) -> 27.14 | H83: =ROUND(ROUND(E83,2)*G83,2) -> 217.12 | J83: =I83+'NAV - BM01'!J96 -> 0 | K83: =I83*H83 -> 0 | L83: =J83*H83 -> 0 | N83: 8 | O83: =((E83/N83)-1) -> 0
A84: 93656 | B84: 8.7 | C84: DISJUNTOR 25A | D84: uni | E84: =((100%-J84)*N84) -> 1 | F84: 12.82 | G84: =ROUND((F84*$E$3)+F84,2) -> 16.05 | H84: =ROUND(ROUND(E84,2)*G84,2) -> 16.05 | J84: =I84+'NAV - BM01'!J97 -> 0 | K84: =I84*H84 -> 0 | L84: =J84*H84 -> 0 | N84: 1 | O84: =((E84/N84)-1) -> 0
A85: 93654 | B85: 8.8 | C85: DISJUNTOR 16A | D85: uni | E85: =((100%-J85)*N85) -> 4 | F85: 10.82 | G85: =ROUND((F85*$E$3)+F85,2) -> 13.55 | H85: =ROUND(ROUND(E85,2)*G85,2) -> 54.2 | J85: =I85+'NAV - BM01'!J98 -> 0 | K85: =I85*H85 -> 0 | L85: =J85*H85 -> 0 | N85: 4 | O85: =((E85/N85)-1) -> 0
A86: 99814 | B86: 9.1 | C86: LIMPEZA DA OBRA | D86: m² | E86: =((100%-J86)*N86) -> 198.13 | F86: 1.74 | G86: =ROUND((F86*$E$3)+F86,2) -> 2.18 | H86: =ROUND(ROUND(E86,2)*G86,2) -> 431.92 | J86: =I86+'NAV - BM01'!J101 -> 0 | K86: =I86*H86 -> 0 | L86: =J86*H86 -> 0 | N86: 198.13 | O86: =((E86/N86)-1) -> 0
G88: TOTAL | H88: =H9+#REF!+#REF!+#REF!+#REF!+#REF!+#REF!+#REF!+#REF! -> #REF! | J88: =L88/H88 -> #REF! | K88: =#REF!+#REF!+#REF!+#REF!+#REF!+#REF!+#REF!+#REF!+K9 -> #REF! | L88: =#REF!+#REF!+#REF!+#REF!+#REF!+#REF!+#REF!+#REF!+L9 -> #REF!
A90: Salto do Jacuí/RS, maio de 2023.
C95: RONALDO O. PEREIRA DE MORAES | D95: ARQº FABRICIO NOGUEIRA LORENZI
C96: PREFEITO MUNICIPAL | D96: CAU A 46694-8

Sheet NAV - BM02
A1: PREFEITURA MUNICIPAL DE SALTO DO JACUÍ
A2: OBRA | B2: AMPLIAÇÃO E REFORMA UBS NAVEGANTES | D2: ÁREA | E2: 198.13 | G2: Ref. Sinapi: | H2: 45992
A3: LOCAL | B3: Rua José Napoleão Pereira, nº 44, Salto do Jacuí/RS | D3: BDI | E3: 25.2 | F3: %
A4: BOLETIM DE MEDIÇÃO - 02
E5: QUANTIDADES LICITADAS | I5: QUANTIDADES EXECUTADAS
A7: Código Sinapi | B7: Item | C7: Discriminação | D7: Unid. | E7: Qtde. | F7: Preço Unitário (R$) | G7: Preço Unit+BDI (R$) | H7: Preço Total (R$) | I7: % periodo | J7: % acumulada | K7: valor do BM | L7: acumulado
B9: 1 | C9: SERVIÇOS PRELIMINARES E GERAIS | H9: =SUM(H10:H11) -> 1817.5284 | K9: =SUM(K10:K11) -> 0 | L9: =SUM(L10:L11) -> 0
A10: 97635 | B10: 1.1 | C10: REMOÇÃO DE PISO EM PAVER | D10: m² | E10: 68 | F10: 16.13 | G10: =(F10*$E$3/100)+F10 -> 20.19476 | H10: =E10*G10 -> 1373.2437 | J10: =I10+'NAV - BM01'!J10 -> 0 | K10: =I10*H10 -> 0 | L10: =J10*H10 -> 0
A11: 97635 | B11: 1.2 | C11: REMOÇÃO DE CONCRETO DE CALÇADAS | D11: m³ | E11: 22 | F11: 16.13 | G11: =(F11*$E$3/100)+F11 -> 20.19476 | H11: =E11*G11 -> 444.28472 | J11: =I11+'NAV - BM01'!J11 -> 0 | K11: =I11*H11 -> 0 | L11: =J11*H11 -> 0
B13: 2 | C13: FUNDAÇÃO E ESTRUTURA | H13: =SUM(H14:H32) -> 68649.894 | K13: =SUM(K14:K32) -> 14942.45 | L13: =SUM(L14:L32) -> 37168.142
A14: 96522 | B14: 2.1 | C14: ESCAVAÇÃO MANUAL SAPATA CORRIDA 40x40cm | D14: m³ | E14: 10.56 | F14: 129.74 | G14: =(F14*$E$3/100)+F14 -> 162.43448 | H14: =E14*G14 -> 1715.3081 | J14: =I14+'NAV - BM01'!J14 -> 1 | K14: =I14*H14 -> 0 | L14: =J14*H14 -> 1715.3081
A15: 102487 | B15: 2.2 | C15: CONCRETO CICLÓPICO 30 % PEDRA, PREPARO E LANÇAMENTO | D15: m³ | E15: 10.56 | F15: 608.4 | G15: =(F15*$E$3/100)+F15 -> 761.7168 | H15: =E15*G15 -> 8043.7294 | J15: =I15+'NAV - BM01'!J15 -> 0.95 | K15: =I15*H15 -> 0 | L15: =J15*H15 -> 7641.5429
A16: 92763 | B16: 2.2 | C16: ARMAÇÃO FERRAGEM CA-50 12,5 MM | D16: kg | E16: 191.56 | F16: 9.07 | G16: =(F16*$E$3/100)+F16 -> 11.35564 | H16: =E16*G16 -> 2175.2864 | I16: 0.9 | J16: =I16+'NAV - BM01'!J16 -> 0.9 | K16: =I16*H16 -> 1957.7578 | L16: =J16*H16 -> 1957.7578
A17: 92762 | B17: 2.3 | C17: ARMAÇÃO FERRAGEM CA-50 10 MM | D17: kg | E17: 449.92 | F17: 10.83 | G17: =(F17*$E$3/100)+F17 -> 13.55916 | H17: =E17*G17 -> 6100.5373 | I17: 0.55 | J17: =I17+'NAV - BM01'!J17 -> 0.9 | K17: =I17*H17 -> 3355.2955 | L17: =J17*H17 -> 5490.4835
A18: 92760 | B18: 2.4 | C18: ARMAÇÃO FERRAGEM CA-50 6,3 MM | D18: kg | E18: 50.96 | F18: 12.94 | G18: =(F18*$E$3/100)+F18 -> 16.20088 | H18: =E18*G18 -> 825.59684 | I18: 0.9 | J18: =I18+'NAV - BM01'!J18 -> 0.9 | K18: =I18*H18 -> 743.03716 | L18: =J18*H18 -> 743.03716
A19: 92759 | B19: 2.5 | C19: ARMAÇÃO FERRAGEM CA-50 5 MM | D19: kg | E19: 78.96 | F19: 13.75 | G19: =(F19*$E$3/100)+F19 -> 17.215 | H19: =E19*G19 -> 1359.2964 | I19: 0.55 | J19: =I19+'NAV - BM01'!J19 -> 0.9 | K19: =I19*H19 -> 747.61302 | L19: =J19*H19 -> 1223.3668
A20: 92767 | B20: 2.6 | C20: ARMAÇÃO FERRAGEM CA-50 4,2 MM | D20: kg | E20: 26.07 | F20: 15.06 | G20: =(F20*$E$3/100)+F20 -> 18.85512 | H20: =E20*G20 -> 491.55298 | I20: 0.9 | J20: =I20+'NAV - BM01'!J20 -> 0.9 | K20: =I20*H20 -> 442.39768 | L20: =J20*H20 -> 442.39768
A21: 102476 | B21: 2.7 | C21: CONCRETO FCK 25MPA - VIGAS, PILARES E VERGAS | D21: m³ | E21: 9.25 | F21: 682.57 | G21: =(F21*$E$3/100)+F21 -> 854.57764 | H21: =E21*G21 -> 7904.8432 | I21: 0.55 | J21: =I21+'NAV - BM01'!J21 -> 0.9 | K21: =I21*H21 -> 4347.6637 | L21: =J21*H21 -> 7114.3589
A22: 102474 | B22: 2.8 | C22: CONCRETO FCK 20MPA - CONTRAPISO | D22: m³ | E22: 5.68 | F22: 604.61 | G22: =(F22*$E$3/100)+F22 -> 756.97172 | H22: =E22*G22 -> 4299.5994 | J22: =I22+'NAV - BM01'!J22 -> 0 | K22: =I22*H22 -> 0 | L22: =J22*H22 -> 0
A23: 92265 | B23: 2.9 | C23: FORMAS VIGAS, PILARES E VERGAS | D23: m² | E23: 36.83 | F23: 132.04 | G23: =(F23*$E$3/100)+F23 -> 165.31408 | H23: =E23*G23 -> 6088.5176 | I23: 0.55 | J23: =I23+'NAV - BM01'!J23 -> 0.9 | K23: =I23*H23 -> 3348.6847 | L23: =J23*H23 -> 5479.6658
A24: 96522 | B24: 2.10 | C24: ESCAVAÇÃO MANUAL SAPATA CORRIDA 40x40cm - MURO | D24: m³ | E24: 10.6 | F24: 144.58 | G24: =(F24*$E$3/100)+F24 -> 181.01416 | H24: =E24*G24 -> 1918.7501 | J24: =I24+'NAV - BM01'!J24 -> 0 | K24: =I24*H24 -> 0 | L24: =J24*H24 -> 0
A25: 102487 | B25: 2.11 | C25: CONCRETO CICLÓPICO 30 % PEDRA, PREPARO E LANÇAMENTO - MURO | D25: m³ | E25: 6.36 | F25: 608.4 | G25: =(F25*$E$3/100)+F25 -> 761.7168 | H25: =E25*G25 -> 4844.5188 | J25: =I25+'NAV - BM01'!J25 -> 0 | K25: =I25*H25 -> 0 | L25: =J25*H25 -> 0
A26: =A16 -> 92763 | B26: 2.12 | C26: ARMAÇÃO FERRAGEM CA-50 12,5 MM - MURO | D26: kg | E26: 92.48 | F26: 9.07 | G26: =(F26*$E$3/100)+F26 -> 11.35564 | H26: =E26*G26 -> 1050.1696 | J26: =I26+'NAV - BM01'!J26 -> 0 | K26: =I26*H26 -> 0 | L26: =J26*H26 -> 0
A27: =A17 -> 92762 | B27: 2.13 | C27: ARMAÇÃO FERRAGEM CA-50 10 MM - MURO | D27: kg | E27: 86.38 | F27: 10.77 | G27: =(F27*$E$3/100)+F27 -> 13.48404 | H27: =E27*G27 -> 1164.7514 | J27: =I27+'NAV - BM01'!J27 -> 0 | K27: =I27*H27 -> 0 | L27: =J27*H27 -> 0
A28: 92761 | B28: 2.14 | C28: ARMAÇÃO FERRAGEM CA-50 8 MM - MURO | D28: kg | E28: 186.28 | F28: 12.14 | G28: =(F28*$E$3/100)+F28 -> 15.19928 | H28: =E28*G28 -> 2831.3219 | J28: =I28+'NAV - BM01'!J28 -> 0 | K28: =I28*H28 -> 0 | L28: =J28*H28 -> 0
A29: =A19 -> 92759 | B29: 2.15 | C29: ARMAÇÃO FERRAGEM CA-50 5 MM - MURO | D29: kg | E29: 95.78 | F29: 13.28 | G29: =(F29*$E$3/100)+F29 -> 16.62656 | H29: =E29*G29 -> 1592.4919 | J29: =I29+'NAV - BM01'!J29 -> 0 | K29: =I29*H29 -> 0 | L29: =J29*H29 -> 0
A30: 102476 | B30: 2.16 | C30: CONCRETO FCK 25MPA - VIGAS, PILARES E VERGAS - MURO | D30: m³ | E30: 4.77 | F30: 682.57 | G30: =(F30*$E$3/100)+F30 -> 854.57764 | H30: =E30*G30 -> 4076.3353 | J30: =I30+'NAV - BM01'!J30 -> 0 | K30: =I30*H30 -> 0 | L30: =J30*H30 -> 0
A31: 92265 | B31: 2.17 | C31: FORMAS VIGAS, PILARES E VERGAS - MURO | D31: m² | E31: 39.47 | F31: 132.04 | G31: =(F31*$E$3/100)+F31 -> 165.31408 | H31: =E31*G31 -> 6524.9467 | J31: =I31+'NAV - BM01'!J31 -> 0 | K31: =I31*H31 -> 0 | L31: =J31*H31 -> 0
A32: 101165 | B32: 2.18 | C32: ALVENARIA DE EMBASAMENTO TIJOLO MACIÇO | D32: m³ | E32: 4.12 | F32: 1093.85 | G32: =(F32*$E$3/100)+F32 -> 1369.5002 | H32: =E32*G32 -> 5642.3408 | J32: =I32+'NAV - BM01'!J32 -> 0.95 | K32: =I32*H32 -> 0 | L32: =J32*H32 -> 5360.2238
B34: 3 | C34: ALVENARIA | H34: =SUM(H35:H36) -> 26916.56 | K34: =SUM(K35:K36) -> 16054.27 | L34: =SUM(L35:L36) -> 16054.27
A35: 103330 | B35: 3.1 | C35: ALVENARIA BLOCOS CERÂMICOS 11,5X14X19 | D35: m² | E35: 184.4 | F35: 81.81 | G35: =(F35*$E$3/100)+F35 -> 102.42612 | H35: =E35*G35 -> 18887.377 | I35: 0.85 | J35: =I35+'NAV - BM01'!J35 -> 0.85 | K35: =I35*H35 -> 16054.27 | L35: =J35*H35 -> 16054.27
A36: 103330 | B36: 3.2 | C36: ALVENARIA BLOCOS CERÂMICOS 11,5X14X19 - MURO | D36: m² | E36: 78.39 | F36: 81.81 | G36: =(F36*$E$3/100)+F36 -> 102.42612 | H36: =E36*G36 -> 8029.1835 | J36: =I36+'NAV - BM01'!J36 -> 0 | K36: =I36*H36 -> 0 | L36: =J36*H36 -> 0
B38: 4 | C38: COBERTURA | H38: =SUM(H39:H50) -> 57331.109 | K38: =SUM(K39:K50) -> 0 | L38: =SUM(L39:L50) -> 0
A39: 92544 | B39: 4.1 | C39: TRAMA DE MADEIRA (prolongamento do beiral da área a reformar) | D39: m² | E39: 95.52 | F39: 20.08 | G39: =(F39*$E$3/100)+F39 -> 25.14016 | H39: =E39*G39 -> 2401.3881 | J39: =I39+'NAV - BM01'!J39 -> 0 | K39: =I39*H39 -> 0 | L39: =J39*H39 -> 0
A40: 94213 | B40: 4.2 | C40: TELHAMENTO TELHAS METÁLICAS (TP 40 0,50mm, trapezoidal) , incluso cortes, dobras, parafusos, buchas, fita dupla face de vedação e instalação. | D40: m² | E40: 95.52 | F40: 58.81 | G40: =(F40*$E$3/100)+F40 -> 73.63012 | H40: =E40*G40 -> 7033.1491 | J40: =I40+'NAV - BM01'!J40 -> 0 | K40: =I40*H40 -> 0 | L40: =J40*H40 -> 0
A41: 94227 | B41: 4.3 | C41: RUFOS E CALHAS EM CHAPA DE AÇO GALVANIZADO (com fechamento total da platibanda na parte interna e superior), incluso, corte, dobra, parafusos, buchas, rebites, fita de vedação dupla face, adesivo PU, e instalação | D41: m | E41: 36.32 | F41: 74.71 | G41: =(F41*$E$3/100)+F41 -> 93.53692 | H41: =E41*G41 -> 3397.2609 | J41: =I41+'NAV - BM01'!J41 -> 0 | K41: =I41*H41 -> 0 | L41: =J41*H41 -> 0
A42: 96116 | B42: 4.4 | C42: FORRO PVC (3D, inclusive estrutura de fixação) | D42: m² | E42: 6.8 | F42: 76.46 | G42: =(F42*$E$3/100)+F42 -> 95.72792 | H42: =E42*G42 -> 650.94986 | J42: =I42+'NAV - BM01'!J42 -> 0 | K42: =I42*H42 -> 0 | L42: =J42*H42 -> 0
A43: 96121 | B43: 4.5 | C43: RODA FORRO PVC "U" (3D) | D43: m | E43: 13.6 | F43: 14 | G43: =(F43*$E$3/100)+F43 -> 17.528 | H43: =E43*G43 -> 238.3808 | J43: =I43+'NAV - BM01'!J43 -> 0 | K43: =I43*H43 -> 0 | L43: =J43*H43 -> 0
A44: 96114 | B44: 4.6 | C44: FORRO GESSO ACARTONADO | D44: m² | E44: 81.2 | F44: 82.46 | G44: =(F44*$E$3/100)+F44 -> 103.23992 | H44: =E44*G44 -> 8383.0815 | J44: =I44+'NAV - BM01'!J44 -> 0 | K44: =I44*H44 -> 0 | L44: =J44*H44 -> 0
A45: 100764 | B45: 4.7 | C45: PERFIL METALICO 0,10X0,30X - COBERTURA EXTERNA | D45: kg | E45: 200.7 | F45: 19.34 | G45: =(F45*$E$3/100)+F45 -> 24.21368 | H45: =E45*G45 -> 4859.6856 | J45: =I45+'NAV - BM01'!J45 -> 0 | K45: =I45*H45 -> 0 | L45: =J45*H45 -> 0
A46: 100764 | B46: 4.8 | C46: PERFIL METALICO 0,10X0,30X - COBERTURA EXTERNA | D46: kg | E46: 281.34 | F46: 19.34 | G46: =(F46*$E$3/100)+F46 -> 24.21368 | H46: =E46*G46 -> 6812.2767 | J46: =I46+'NAV - BM01'!J46 -> 0 | K46: =I46*H46 -> 0 | L46: =J46*H46 -> 0
A47: 100764 | B47: 4.9 | C47: PERFIL METALICO 0,10X0,20X - COBERTURA EXTERNA | D47: kg | E47: 334.97 | F47: 19.34 | G47: =(F47*$E$3/100)+F47 -> 24.21368 | H47: =E47*G47 -> 8110.8564 | J47: =I47+'NAV - BM01'!J47 -> 0 | K47: =I47*H47 -> 0 | L47: =J47*H47 -> 0
A48: 94213 | B48: 4.10 | C48: TELHAMENTO TELHAS METÁLICAS (TP 40 0,50mm, trapezoidal) - COB. EXT. | D48: m² | E48: 59.44 | F48: 58.81 | G48: =(F48*$E$3/100)+F48 -> 73.63012 | H48: =E48*G48 -> 4376.5743 | J48: =I48+'NAV - BM01'!J48 -> 0 | K48: =I48*H48 -> 0 | L48: =J48*H48 -> 0
A49: mercado local | B49: 4.11 | C49: COBERTURA EM ACRILICO - COBERTURA EXTERNA | D49: m² | E49: 24.44 | F49: 185 | G49: =(F49*$E$3/100)+F49 -> 231.62 | H49: =E49*G49 -> 5660.7928 | J49: =I49+'NAV - BM01'!J49 -> 0 | K49: =I49*H49 -> 0 | L49: =J49*H49 -> 0
A50: 96116 | B50: 4.12 | C50: FORRO PVC (3D, inclusive estrutura de fixação) - COBERTURA EXTERNA | D50: m² | E50: 56.48 | F50: 76.46 | G50: =(F50*$E$3/100)+F50 -> 95.72792 | H50: =E50*G50 -> 5406.7129 | J50: =I50+'NAV - BM01'!J50 -> 0 | K50: =I50*H50 -> 0 | L50: =J50*H50 -> 0
B52: 5 | C52: ACABAMENTOS | H52: =SUM(H54:H64) -> 46782.282 | K52: =SUM(K53:K64) -> 0 | L52: =SUM(L53:L64) -> 0
A53: 87878 | B53: 5.1 | C53: CHAPISCO INTERNO E EXTERNO | D53: m² | E53: 389.45 | F53: 5.02 | G53: =(F53*$E$3/100)+F53 -> 6.28504 | H53: =E53*G53 -> 2447.7088 | J53: =I53+'NAV - BM01'!J53 -> 0 | K53: =I53*H53 -> 0 | L53: =J53*H53 -> 0
A54: 87550 | B54: 5.2 | C54: EMBOÇO INTERNO - esp 2,0cm | D54: m² | E54: =E53 -> 389.45 | F54: 27.02 | G54: =(F54*$E$3/100)+F54 -> 33.82904 | H54: =E54*G54 -> 13174.72 | J54: =I54+'NAV - BM01'!J54 -> 0 | K54: =I54*H54 -> 0 | L54: =J54*H54 -> 0
A55: 95305 | B55: 5.3 | C55: TEXTURA ACRILICA EXTERNA PIGMENTADA (cor, seguir a existente) | D55: m² | E55: 103.01 | F55: 14.7 | G55: =(F55*$E$3/100)+F55 -> 18.4044 | H55: =E55*G55 -> 1895.8372 | J55: =I55+'NAV - BM01'!J55 -> 0 | K55: =I55*H55 -> 0 | L55: =J55*H55 -> 0
A56: 88495 | B56: 5.4 | C56: MASSA FINA INTERNA | D56: m² | E56: =E54-(E55+E57) -> 190.44 | F56: 11.91 | G56: =(F56*$E$3/100)+F56 -> 14.91132 | H56: =E56*G56 -> 2839.7118 | J56: =I56+'NAV - BM01'!J56 -> 0 | K56: =I56*H56 -> 0 | L56: =J56*H56 -> 0
A57: 533 | B57: 5.5 | C57: CERAMICA DE PAREDE (seguir o padrão existente, incluso ceramica, cimento cola, rejunte e instalação) | D57: m² | E57: 96 | F57: 66.25 | G57: =(F57*$E$3/100)+F57 -> 82.945 | H57: =E57*G57 -> 7962.72 | J57: =I57+'NAV - BM01'!J57 -> 0 | K57: =I57*H57 -> 0 | L57: =J57*H57 -> 0
A58: 87257 | B58: 5.6 | C58: CERAMICA DE PISO (seguir o padrão existente, incluso ceramica, cimento cola, rejunte e instalação) | D58: m² | E58: 88.2 | F58: 69.97 | G58: =(F58*$E$3/100)+F58 -> 87.60244 | H58: =E58*G58 -> 7726.5352 | J58: =I58+'NAV - BM01'!J58 -> 0 | K58: =I58*H58 -> 0 | L58: =J58*H58 -> 0
A59: 88485 | B59: 5.7 | C59: PINTURA INTERNA FUNDO SELADOR | D59: m² | E59: =E56 -> 190.44 | F59: 3.77 | G59: =(F59*$E$3/100)+F59 -> 4.72004 | H59: =E59*G59 -> 898.88442 | J59: =I59+'NAV - BM01'!J59 -> 0 | K59: =I59*H59 -> 0 | L59: =J59*H59 -> 0
A60: 88489 | B60: 5.8 | C60: PINTURA INTERNA TINTA ACRILICA (cor, seguir a existente) | D60: m² | E60: =E55 -> 103.01 | F60: 13.79 | G60: =(F60*$E$3/100)+F60 -> 17.26508 | H60: =E60*G60 -> 1778.4759 | J60: =I60+'NAV - BM01'!J60 -> 0 | K60: =I60*H60 -> 0 | L60: =J60*H60 -> 0
A61: 100726 | B61: 5.9 | C61: PINTURA ESMALTE SINTETICO SOBRE METAL - COBERTURA EXTERNA | D61: m² | E61: 61.17 | F61: 27.5 | G61: =(F61*$E$3/100)+F61 -> 34.43 | H61: =E61*G61 -> 2106.0831 | J61: =I61+'NAV - BM01'!J61 -> 0 | K61: =I61*H61 -> 0 | L61: =J61*H61 -> 0
A62: 92396 | B62: 5.10 | C62: PAVIMENTAÇÃO EM PAVER | D62: uni | E62: 40.31 | F62: 81.97 | G62: =(F62*$E$3/100)+F62 -> 102.62644 | H62: =E62*G62 -> 4136.8718 | J62: =I62+'NAV - BM01'!J62 -> 0 | K62: =I62*H62 -> 0 | L62: =J62*H62 -> 0
A63: 94273 | B63: 5.11 | C63: COLOCAÇÃO DE MEIO FIO | D63: m | E63: 33.09 | F63: 49.79 | G63: =(F63*$E$3/100)+F63 -> 62.33708 | H63: =E63*G63 -> 2062.734 | J63: =I63+'NAV - BM01'!J63 -> 0 | K63: =I63*H63 -> 0 | L63: =J63*H63 -> 0
A64: 34747 | B64: 5.12 | C64: PINGADEIRA / SOLEIRA EM GRANITO (modelo, seguir o existente) | D64: m | E64: 12.4 | F64: 141.69 | G64: =(F64*$E$3/100)+F64 -> 177.39588 | H64: =E64*G64 -> 2199.7089 | J64: =I64+'NAV - BM01'!J64 -> 0 | K64: =I64*H64 -> 0 | L64: =J64*H64 -> 0
B66: 6 | C66: ESQUADRIAS | H66: =SUM(H67:H71) -> 22977.312 | K66: =SUM(K67:K71) -> 0 | L66: =SUM(L67:L71) -> 0
A67: 90796 | B67: 6.1 | C67: KIT PORTA 0,80 X 2,10 m (branca, completa, instalada) | D67: uni | E67: 6 | F67: 907.41 | G67: =(F67*$E$3/100)+F67 -> 1136.0773 | H67: =E67*G67 -> 6816.4639 | J67: =I67+'NAV - BM01'!J67 -> 0 | K67: =I67*H67 -> 0 | L67: =J67*H67 -> 0
A68: 94805 | B68: 6.3 | C68: PORTA EM ALUMINIO E VIDRO 1,10 X 2,10m - 2 uni (completa, instalada) | D68: m² | E68: 5.04 | F68: 1176.08 | G68: =(F68*$E$3/100)+F68 -> 1472.4522 | H68: =E68*G68 -> 7421.1589 | J68: =I68+'NAV - BM01'!J68 -> 0 | K68: =I68*H68 -> 0 | L68: =J68*H68 -> 0
A69: 94573 | B69: 6.4 | C69: JANELA EM ALUMINO CORRER 2,00 X 0,80m - 4 uni (completa, instalada) | D69: m² | E69: 6.4 | F69: 488.59 | G69: =(F69*$E$3/100)+F69 -> 611.71468 | H69: =E69*G69 -> 3914.974 | J69: =I69+'NAV - BM01'!J69 -> 0 | K69: =I69*H69 -> 0 | L69: =J69*H69 -> 0
A70: 94569 | B70: 6.5 | C70: JANELA EM ALUMINO MAXIM-AR 1,00 X 0,40m - 2 uni (compl, instalada) | D70: m² | E70: 0.8 | F70: 821.59 | G70: =(F70*$E$3/100)+F70 -> 1028.6307 | H70: =E70*G70 -> 822.90454 | J70: =I70+'NAV - BM01'!J70 -> 0 | K70: =I70*H70 -> 0 | L70: =J70*H70 -> 0
A71: 102182 | B71: 6.6 | C71: PORTA EM ALUMINIO E VIDRO 1,60 X 2,10m - 1 uni (completa, instalada) | D71: m² | E71: 3.36 | F71: 951.29 | G71: =(F71*$E$3/100)+F71 -> 1191.0151 | H71: =E71*G71 -> 4001.8107 | J71: =I71+'NAV - BM01'!J71 -> 0 | K71: =I71*H71 -> 0 | L71: =J71*H71 -> 0
B73: 7 | C73: HIDROSSANITARIO | H73: =SUM(H74:H88) -> 18592.951 | K73: =SUM(K74:K88) -> 0 | L73: =SUM(L74:L88) -> 8685.7049
A74: 91785 | B74: 7.1 | C74: TUBULAÇÃO AGUA FRIA 25MM (incluindo fixação, conecxões e corte) | D74: m | E74: 2 | F74: 567.22 | G74: =(F74*$E$3/100)+F74 -> 710.15944 | H74: =E74*G74 -> 1420.3189 | J74: =I74+'NAV - BM01'!J74 -> 0 | K74: =I74*H74 -> 0 | L74: =J74*H74 -> 0
A75: 89495 | B75: 7.3 | C75: RALO SIFONADO 150mm | D75: uni | E75: 2 | F75: 20.6 | G75: =(F75*$E$3/100)+F75 -> 25.7912 | H75: =E75*G75 -> 51.5824 | J75: =I75+'NAV - BM01'!J75 -> 0 | K75: =I75*H75 -> 0 | L75: =J75*H75 -> 0
A76: 91794 | B76: 7.4 | C76: TUBULAÇÃO ESGOTO 75MM (incluindo fixação, conecxões e corte) | D76: m | E76: 11 | F76: 35.26 | G76: =(F76*$E$3/100)+F76 -> 44.14552 | H76: =E76*G76 -> 485.60072 | J76: =I76+'NAV - BM01'!J76 -> 0 | K76: =I76*H76 -> 0 | L76: =J76*H76 -> 0
A77: 91793 | B77: 7.5 | C77: TUBULAÇÃO ESGOTO 50MM (incluindo fixação, conecxões e corte) | D77: m | E77: 8 | F77: 27.32 | G77: =(F77*$E$3/100)+F77 -> 34.20464 | H77: =E77*G77 -> 273.63712 | J77: =I77+'NAV - BM01'!J77 -> 0 | K77: =I77*H77 -> 0 | L77: =J77*H77 -> 0
A78: 91795 | B78: 7.6 | C78: TUBULAÇÃO ESGOTO 100MM (incluindo fixação, conecxões e corte) | D78: m | E78: 28 | F78: 38.03 | G78: =(F78*$E$3/100)+F78 -> 47.61356 | H78: =E78*G78 -> 1333.1797 | J78: =I78+'NAV - BM01'!J78 -> 0.35 | K78: =I78*H78 -> 0 | L78: =J78*H78 -> 466.61289
A79: 86906 | B79: 7.7 | C79: TORNEIRA (completo incluso instalação) | D79: uni | E79: 3 | F79: 131.73 | G79: =(F79*$E$3/100)+F79 -> 164.92596 | H79: =E79*G79 -> 494.77788 | J79: =I79+'NAV - BM01'!J79 -> 0 | K79: =I79*H79 -> 0 | L79: =J79*H79 -> 0
A80: 86888 | B80: 7.8 | C80: VASO SANITARIO (completo incluso instalação) | D80: uni | E80: 1 | F80: 553.78 | G80: =(F80*$E$3/100)+F80 -> 693.33256 | H80: =E80*G80 -> 693.33256 | J80: =I80+'NAV - BM01'!J80 -> 0 | K80: =I80*H80 -> 0 | L80: =J80*H80 -> 0
A81: 86902 | B81: 7.9 | C81: LAVATORIO (completo incluso instalação) | D81: uni | E81: 1 | F81: 332.78 | G81: =(F81*$E$3/100)+F81 -> 416.64056 | H81: =E81*G81 -> 416.64056 | J81: =I81+'NAV - BM01'!J81 -> 0 | K81: =I81*H81 -> 0 | L81: =J81*H81 -> 0
A82: 86872 | B82: 7.10 | C82: TANQUE (completo incluso instalação) | D82: uni | E82: 1 | F82: 805.21 | G82: =(F82*$E$3/100)+F82 -> 1008.1229 | H82: =E82*G82 -> 1008.1229 | J82: =I82+'NAV - BM01'!J82 -> 0 | K82: =I82*H82 -> 0 | L82: =J82*H82 -> 0
A83: 102607 | B83: 7.11 | C83: CAIXA DE ÁGUA 1000L (completo incluso instalação) | D83: uni | E83: 1 | F83: 468.97 | G83: =(F83*$E$3/100)+F83 -> 587.15044 | H83: =E83*G83 -> 587.15044 | J83: =I83+'NAV - BM01'!J83 -> 0 | K83: =I83*H83 -> 0 | L83: =J83*H83 -> 0
A84: 41629 | B84: 7.12 | C84: CAIXA DE PASSAGEM PRÉ-MOLDADA (0,6X0,6X0,5m em concreto) | D84: uni | E84: 2 | F84: 456.74 | G84: =(F84*$E$3/100)+F84 -> 571.83848 | H84: =E84*G84 -> 1143.677 | J84: =I84+'NAV - BM01'!J84 -> 0 | K84: =I84*H84 -> 0 | L84: =J84*H84 -> 0
A85: 39361 | B85: 7.13 | C85: FOSSA SEPTICA 1100L (PEAD) | D85: uni | E85: 1 | F85: 1793.85 | G85: =(F85*$E$3/100)+F85 -> 2245.9002 | H85: =E85*G85 -> 2245.9002 | J85: =I85+'NAV - BM01'!J85 -> 1 | K85: =I85*H85 -> 0 | L85: =J85*H85 -> 2245.9002
... A88: 102705 | B88: 7.16 | C88: DRENO CORRUGADO 100mm | D88: m | E88: 28 | F88: 70.34 | G88: =(F88*$E$3/100)+F88 -> 88.06568 | H88: =E88*G88 -> 2465.839 | J88: =I88+'NAV - BM01'!J88 -> 0 | K88: =I88*H88 -> 0 | L88: =J88*H88 -> 0
B90: 8 | C90: ELETRICO | H90: =SUM(H91:H98) -> 5682.2521 | K90: =SUM(K91:K98) -> 0 | L90: =SUM(L91:L95) -> 0
A91: 39390 | B91: 8.1 | C91: LUMINARIA LED 30W | D91: uni | E91: 12 | F91: 24.04 | G91: =(F91*$E$3/100)+F91 -> 30.09808 | H91: =E91*G91 -> 361.17696 | J91: =I91+'NAV - BM01'!J91 -> 0 | K91: =I91*H91 -> 0 | L91: =J91*H91 -> 0
A92: 91926 | B92: 8.2 | C92: CABO FLEXIVEL 2,5mm | D92: m | E92: 185 | F92: 4.42 | G92: =(F92*$E$3/100)+F92 -> 5.53384 | H92: =E92*G92 -> 1023.7604 | J92: =I92+'NAV - BM01'!J92 -> 0 | K92: =I92*H92 -> 0 | L92: =J92*H92 -> 0
A93: 1872 | B93: 8.3 | C93: CAIXA DE PASSAGEM 4X2 | D93: uni | E93: 36 | F93: 2.86 | G93: =(F93*$E$3/100)+F93 -> 3.58072 | H93: =E93*G93 -> 128.90592 | J93: =I93+'NAV - BM01'!J93 -> 0 | K93: =I93*H93 -> 0 | L93: =J93*H93 -> 0
A94: 91834 | B94: 8.4 | C94: ELETRODUTO CORRUGADO 25mm | D94: m | E94: 125 | F94: 19.3 | G94: =(F94*$E$3/100)+F94 -> 24.1636 | H94: =E94*G94 -> 3020.45 | J94: =I94+'NAV - BM01'!J94 -> 0 | K94: =I94*H94 -> 0 | L94: =J94*H94 -> 0
A95: 91996 | B95: 8.5 | C95: TOMADAS | D95: uni | E95: 18 | F95: 38.44 | G95: =(F95*$E$3/100)+F95 -> 48.12688 | H95: =E95*G95 -> 866.28384 | J95: =I95+'NAV - BM01'!J95 -> 0 | K95: =I95*H95 -> 0 | L95: =J95*H95 -> 0
A96: 91952 | B96: 8.6 | C96: INTERRUPTOR | D96: uni | E96: 8 | F96: 20.64 | G96: =(F96*$E$3/100)+F96 -> 25.84128 | H96: =E96*G96 -> 206.73024 | J96: =I96+'NAV - BM01'!J96 -> 0 | K96: =I96*H96 -> 0 | L96: =J96*H96 -> 0
A97: 93656 | B97: 8.7 | C97: DISJUNTOR 25A | D97: uni | E97: 1 | F97: 13.46 | G97: =(F97*$E$3/100)+F97 -> 16.85192 | H97: =E97*G97 -> 16.85192 | J97: =I97+'NAV - BM01'!J97 -> 0 | K97: =I97*H97 -> 0 | L97: =J97*H97 -> 0
A98: 93654 | B98: 8.8 | C98: DISJUNTOR 16A | D98: uni | E98: 4 | F98: 11.6 | G98: =(F98*$E$3/100)+F98 -> 14.5232 | H98: =E98*G98 -> 58.0928 | J98: =I98+'NAV - BM01'!J98 -> 0 | K98: =I98*H98 -> 0 | L98: =J98*H98 -> 0
B100: 9 | C100: SERVIÇOS COMPLEMENTARES | H100: =SUM(H101) -> 389.45225 | K100: =SUM(K101) -> 0 | L100: =SUM(L101) -> 0
A101: 99814 | B101: 9.1 | C101: LIMPEZA DA OBRA | D101: m² | E101: 198.13 | F101: 1.57 | G101: =(F101*$E$3/100)+F101 -> 1.96564 | H101: =E101*G101 -> 389.45225 | J101: =I101+'NAV - BM01'!J101 -> 0 | K101: =I101*H101 -> 0 | L101: =J101*H101 -> 0
G103: TOTAL | H103: =H9+H13+H34+H38+H52+H66+H73+H90+H100 -> 249139.34 | J103: =L103/H103 -> 0.24848792 | K103: =K66+K73+K52+K90+K100+K38+K34+K13+K9 -> 30996.72 | L103: =L66+L73+L52+L90+L100+L38+L34+L13+L9 -> 61908.117
A104: Salto do Jacuí/RS, agosto de 2025.
C109: RONALDO O. PEREIRA DE MORAES | D109: ARQº FABRICIO NOGUEIRA LORENZI
C110: PREFEITO MUNICIPAL | D110: CAU A 46694-8

Sheet NAV - BM01
A1: PREFEITURA MUNICIPAL DE SALTO DO JACUÍ
A2: OBRA | B2: AMPLIAÇÃO E REFORMA UBS NAVEGANTES | D2: ÁREA | E2: 198.13 | G2: Ref. Sinapi: | H2: 44986
A3: LOCAL | B3: Rua José Napoleão Pereira, nº 44, Salto do Jacuí/RS | D3: BDI | E3: 25.2 | F3: %
A4: BOLETIM DE MEDIÇÃO - 01
E5: QUANTIDADES LICITADAS | I5: QUANTIDADES EXECUTADAS
A7: Código Sinapi | B7: Item | C7: Discriminação | D7: Unid. | E7: Qtde. | F7: Preço Unitário (R$) | G7: Preço Unit+BDI (R$) | H7: Preço Total (R$) | I7: % periodo | J7: % acumulada | K7: valor do BM | L7: acumulado
B9: 1 | C9: SERVIÇOS PRELIMINARES E GERAIS | H9: =SUM(H10:H11) -> 1631.6064 | K9: =SUM(K10:K11) -> 0 | L9: =SUM(L10:L11) -> 0
A10: 97635 | B10: 1.1 | C10: REMOÇÃO DE PISO EM PAVER | D10: m² | E10: 68 | F10: 14.48 | G10: =(F10*$E$3/100)+F10 -> 18.12896 | H10: =E10*G10 -> 1232.7693 | J10: =I10 -> 0 | K10: =I10*H10 -> 0 | L10: =J10*H10 -> 0
A11: 97635 | B11: 1.2 | C11: REMOÇÃO DE CONCRETO DE CALÇADAS | D11: m³ | E11: 22 | F11: 14.48 | G11: =(F11*$E$3/100)+F11 -> 18.12896 | H11: =E11*G11 -> 398.83712 | J11: =I11 -> 0 | K11: =I11*H11 -> 0 | L11: =J11*H11 -> 0
B13: 2 | C13: FUNDAÇÃO E ESTRUTURA | H13: =SUM(H14:H32) -> 66274.046 | K13: =SUM(K14:K32) -> 20827.695 | L13: =SUM(L14:L32) -> 20827.695
A14: 96522 | B14: 2.1 | C14: ESCAVAÇÃO MANUAL SAPATA CORRIDA 40x40cm | D14: m³ | E14: 10.56 | F14: 129.74 | G14: =(F14*$E$3/100)+F14 -> 162.43448 | H14: =E14*G14 -> 1715.3081 | I14: 1 | J14: =I14 -> 1 | K14: =I14*H14 -> 1715.3081 | L14: =J14*H14 -> 1715.3081
A15: 102487 | B15: 2.2 | C15: CONCRETO CICLÓPICO 30 % PEDRA, PREPARO E LANÇAMENTO | D15: m³ | E15: 10.56 | F15: 551.21 | G15: =(F15*$E$3/100)+F15 -> 690.11492 | H15: =E15*G15 -> 7287.6136 | I15: 0.95 | J15: =I15 -> 0.95 | K15: =I15*H15 -> 6923.2329 | L15: =J15*H15 -> 6923.2329
A16: 96547 | B16: 2.2 | C16: ARMAÇÃO FERRAGEM CA-50 12,5 MM | D16: kg | E16: 191.56 | F16: 9.07 | G16: =(F16*$E$3/100)+F16 -> 11.35564 | H16: =E16*G16 -> 2175.2864 | J16: =I16 -> 0 | K16: =I16*H16 -> 0 | L16: =J16*H16 -> 0
A17: 96546 | B17: 2.3 | C17: ARMAÇÃO FERRAGEM CA-50 10 MM | D17: kg | E17: 449.92 | F17: 10.77 | G17: =(F17*$E$3/100)+F17 -> 13.48404 | H17: =E17*G17 -> 6066.7393 | I17: 0.35 | J17: =I17 -> 0.35 | K17: =I17*H17 -> 2123.3587 | L17: =J17*H17 -> 2123.3587
A18: 96544 | B18: 2.4 | C18: ARMAÇÃO FERRAGEM CA-50 6,3 MM | D18: kg | E18: 50.96 | F18: 12.68 | G18: =(F18*$E$3/100)+F18 -> 15.87536 | H18: =E18*G18 -> 809.00835 | J18: =I18 -> 0 | K18: =I18*H18 -> 0 | L18: =J18*H18 -> 0
A19: 96543 | B19: 2.5 | C19: ARMAÇÃO FERRAGEM CA-50 5 MM | D19: kg | E19: 78.96 | F19: 13.28 | G19: =(F19*$E$3/100)+F19 -> 16.62656 | H19: =E19*G19 -> 1312.8332 | I19: 0.35 | J19: =I19 -> 0.35 | K19: =I19*H19 -> 459.49161 | L19: =J19*H19 -> 459.49161
A20: 92767 | B20: 2.6 | C20: ARMAÇÃO FERRAGEM CA-50 4,2 MM | D20: kg | E20: 26.07 | F20: 14.47 | G20: =(F20*$E$3/100)+F20 -> 18.11644 | H20: =E20*G20 -> 472.29559 | J20: =I20 -> 0 | K20: =I20*H20 -> 0 | L20: =J20*H20 -> 0
A21: 102476 | B21: 2.7 | C21: CONCRETO FCK 25MPA - VIGAS, PILARES E VERGAS | D21: m³ | E21: 9.25 | F21: 615.08 | G21: =(F21*$E$3/100)+F21 -> 770.08016 | H21: =E21*G21 -> 7123.2415 | I21: 0.35 | J21: =I21 -> 0.35 | K21: =I21*H21 -> 2493.1345 | L21: =J21*H21 -> 2493.1345
A22: 102474 | B22: 2.8 | C22: CONCRETO FCK 20MPA - CONTRAPISO | D22: m³ | E22: 5.68 | F22: 592.21 | G22: =(F22*$E$3/100)+F22 -> 741.44692 | H22: =E22*G22 -> 4211.4185 | J22: =I22 -> 0 | K22: =I22*H22 -> 0 | L22: =J22*H22 -> 0
A23: 92265 | B23: 2.9 | C23: FORMAS VIGAS, PILARES E VERGAS | D23: m² | E23: 36.83 | F23: 142.86 | G23: =(F23*$E$3/100)+F23 -> 178.86072 | H23: =E23*G23 -> 6587.4403 | I23: 0.35 | J23: =I23 -> 0.35 | K23: =I23*H23 -> 2305.6041 | L23: =J23*H23 -> 2305.6041
A24: 96522 | B24: 2.10 | C24: ESCAVAÇÃO MANUAL SAPATA CORRIDA 40x40cm - MURO | D24: m³ | E24: 10.6 | F24: 129.74 | G24: =(F24*$E$3/100)+F24 -> 162.43448 | H24: =E24*G24 -> 1721.8055 | J24: =I24 -> 0 | K24: =I24*H24 -> 0 | L24: =J24*H24 -> 0
A25: 102487 | B25: 2.11 | C25: CONCRETO CICLÓPICO 30 % PEDRA, PREPARO E LANÇAMENTO - MURO | D25: m³ | E25: 6.36 | F25: 551.21 | G25: =(F25*$E$3/100)+F25 -> 690.11492 | H25: =E25*G25 -> 4389.1309 | J25: =I25 -> 0 | K25: =I25*H25 -> 0 | L25: =J25*H25 -> 0
A26: =A16 -> 96547 | B26: 2.12 | C26: ARMAÇÃO FERRAGEM CA-50 12,5 MM - MURO | D26: kg | E26: 92.48 | F26: 9.07 | G26: =(F26*$E$3/100)+F26 -> 11.35564 | H26: =E26*G26 -> 1050.1696 | J26: =I26 -> 0 | K26: =I26*H26 -> 0 | L26: =J26*H26 -> 0
A27: =A17 -> 96546 | B27: 2.13 | C27: ARMAÇÃO FERRAGEM CA-50 10 MM - MURO | D27: kg | E27: 86.38 | F27: 10.77 | G27: =(F27*$E$3/100)+F27 -> 13.48404 | H27: =E27*G27 -> 1164.7514 | J27: =I27 -> 0 | K27: =I27*H27 -> 0 | L27: =J27*H27 -> 0
A28: 96545 | B28: 2.14 | C28: ARMAÇÃO FERRAGEM CA-50 8 MM - MURO | D28: kg | E28: 186.28 | F28: 12.01 | G28: =(F28*$E$3/100)+F28 -> 15.03652 | H28: =E28*G28 -> 2801.0029 | J28: =I28 -> 0 | K28: =I28*H28 -> 0 | L28: =J28*H28 -> 0
A29: =A19 -> 96543 | B29: 2.15 | C29: ARMAÇÃO FERRAGEM CA-50 5 MM - MURO | D29: kg | E29: 95.78 | F29: 13.28 | G29: =(F29*$E$3/100)+F29 -> 16.62656 | H29: =E29*G29 -> 1592.4919 | J29: =I29 -> 0 | K29: =I29*H29 -> 0 | L29: =J29*H29 -> 0
A30: 102476 | B30: 2.16 | C30: CONCRETO FCK 25MPA - VIGAS, PILARES E VERGAS - MURO | D30: m³ | E30: 4.77 | F30: 615.08 | G30: =(F30*$E$3/100)+F30 -> 770.08016 | H30: =E30*G30 -> 3673.2824 | J30: =I30 -> 0 | K30: =I30*H30 -> 0 | L30: =J30*H30 -> 0
A31: 92265 | B31: 2.17 | C31: FORMAS VIGAS, PILARES E VERGAS - MURO | D31: m² | E31: 39.47 | F31: 142.86 | G31: =(F31*$E$3/100)+F31 -> 178.86072 | H31: =E31*G31 -> 7059.6326 | J31: =I31 -> 0 | K31: =I31*H31 -> 0 | L31: =J31*H31 -> 0
A32: 101165 | B32: 2.18 | C32: ALVENARIA DE EMBASAMENTO TIJOLO MACIÇO | D32: m³ | E32: 4.12 | F32: 981.07 | G32: =(F32*$E$3/100)+F32 -> 1228.2996 | H32: =E32*G32 -> 5060.5945 | I32: 0.95 | J32: =I32 -> 0.95 | K32: =I32*H32 -> 4807.5648 | L32: =J32*H32 -> 4807.5648
B34: 3 | C34: ALVENARIA | H34: =SUM(H35:H36) -> 25765.014 | K34: =SUM(K35:K36) -> 0 | L34: =SUM(L35:L36) -> 0
A35: 103330 | B35: 3.1 | C35: ALVENARIA BLOCOS CERÂMICOS 11,5X14X19 | D35: m² | E35: 184.4 | F35: 78.31 | G35: =(F35*$E$3/100)+F35 -> 98.04412 | H35: =E35*G35 -> 18079.336 | J35: =I35 -> 0 | K35: =I35*H35 -> 0 | L35: =J35*H35 -> 0
A36: 103330 | B36: 3.2 | C36: ALVENARIA BLOCOS CERÂMICOS 11,5X14X19 - MURO | D36: m² | E36: 78.39 | F36: 78.31 | G36: =(F36*$E$3/100)+F36 -> 98.04412 | H36: =E36*G36 -> 7685.6786 | J36: =I36 -> 0 | K36: =I36*H36 -> 0 | L36: =J36*H36 -> 0
B38: 4 | C38: COBERTURA | H38: =SUM(H39:H50) -> 55985.803 | K38: =SUM(K39:K50) -> 0 | L38: =SUM(L39:L50) -> 0
A39: 92544 | B39: 4.1 | C39: TRAMA DE MADEIRA (prolongamento do beiral da área a reformar) | D39: m² | E39: 95.52 | F39: 12.35 | G39: =(F39*$E$3/100)+F39 -> 15.4622 | H39: =E39*G39 -> 1476.9493 | J39: =I39 -> 0 | K39: =I39*H39 -> 0 | L39: =J39*H39 -> 0
A40: 94213 | B40: 4.2 | C40: TELHAMENTO TELHAS METÁLICAS (TP 40 0,50mm, trapezoidal) , incluso cortes, dobras, parafusos, buchas, fita dupla face de vedação e instalação. | D40: m² | E40: 95.52 | F40: 59.78 | G40: =(F40*$E$3/100)+F40 -> 74.84456 | H40: =E40*G40 -> 7149.1524 | J40: =I40 -> 0 | K40: =I40*H40 -> 0 | L40: =J40*H40 -> 0
A41: 94227 | B41: 4.3 | C41: RUFOS E CALHAS EM CHAPA DE AÇO GALVANIZADO (com fechamento total da platibanda na parte interna e superior), incluso, corte, dobra, parafusos, buchas, rebites, fita de vedação dupla face, adesivo PU, e instalação | D41: m | E41: 36.32 | F41: 70.32 | G41: =(F41*$E$3/100)+F41 -> 88.04064 | H41: =E41*G41 -> 3197.636 | J41: =I41 -> 0 | K41: =I41*H41 -> 0 | L41: =J41*H41 -> 0
A42: 96116 | B42: 4.4 | C42: FORRO PVC (3D, inclusive estrutura de fixação) | D42: m² | E42: 6.8 | F42: 73.78 | G42: =(F42*$E$3/100)+F42 -> 92.37256 | H42: =E42*G42 -> 628.13341 | J42: =I42 -> 0 | K42: =I42*H42 -> 0 | L42: =J42*H42 -> 0
A43: 96121 | B43: 4.5 | C43: RODA FORRO PVC "U" (3D) | D43: m | E43: 13.6 | F43: 13.41 | G43: =(F43*$E$3/100)+F43 -> 16.78932 | H43: =E43*G43 -> 228.33475 | J43: =I43 -> 0 | K43: =I43*H43 -> 0 | L43: =J43*H43 -> 0
A44: 96114 | B44: 4.6 | C44: FORRO GESSO ACARTONADO | D44: m² | E44: 81.2 | F44: 80.62 | G44: =(F44*$E$3/100)+F44 -> 100.93624 | H44: =E44*G44 -> 8196.0227 | J44: =I44 -> 0 | K44: =I44*H44 -> 0 | L44: =J44*H44 -> 0
A45: 100764 | B45: 4.7 | C45: PERFIL METALICO 0,10X0,30X - COBERTURA EXTERNA | D45: kg | E45: 200.7 | F45: 19.34 | G45: =(F45*$E$3/100)+F45 -> 24.21368 | H45: =E45*G45 -> 4859.6856 | J45: =I45 -> 0 | K45: =I45*H45 -> 0 | L45: =J45*H45 -> 0
A46: 100764 | B46: 4.8 | C46: PERFIL METALICO 0,10X0,30X - COBERTURA EXTERNA | D46: kg | E46: 281.34 | F46: 19.34 | G46: =(F46*$E$3/100)+F46 -> 24.21368 | H46: =E46*G46 -> 6812.2767 | J46: =I46 -> 0 | K46: =I46*H46 -> 0 | L46: =J46*H46 -> 0
A47: 100764 | B47: 4.9 | C47: PERFIL METALICO 0,10X0,20X - COBERTURA EXTERNA | D47: kg | E47: 334.97 | F47: 19.34 | G47: =(F47*$E$3/100)+F47 -> 24.21368 | H47: =E47*G47 -> 8110.8564 | J47: =I47 -> 0 | K47: =I47*H47 -> 0 | L47: =J47*H47 -> 0
A48: 94213 | B48: 4.10 | C48: TELHAMENTO TELHAS METÁLICAS (TP 40 0,50mm, trapezoidal) - COB. EXT. | D48: m² | E48: 59.44 | F48: 59.78 | G48: =(F48*$E$3/100)+F48 -> 74.84456 | H48: =E48*G48 -> 4448.7606 | J48: =I48 -> 0 | K48: =I48*H48 -> 0 | L48: =J48*H48 -> 0
A49: mercado local | B49: 4.11 | C49: COBERTURA EM ACRILICO - COBERTURA EXTERNA | D49: m² | E49: 24.44 | F49: 185 | G49: =(F49*$E$3/100)+F49 -> 231.62 | H49: =E49*G49 -> 5660.7928 | J49: =I49 -> 0 | K49: =I49*H49 -> 0 | L49: =J49*H49 -> 0
A50: 96116 | B50: 4.12 | C50: FORRO PVC (3D, inclusive estrutura de fixação) - COBERTURA EXTERNA | D50: m² | E50: 56.48 | F50: 73.78 | G50: =(F50*$E$3/100)+F50 -> 92.37256 | H50: =E50*G50 -> 5217.2022 | J50: =I50 -> 0 | K50: =I50*H50 -> 0 | L50: =J50*H50 -> 0
B52: 5 | C52: ACABAMENTOS | H52: =SUM(H54:H64) -> 44599.814 | K52: =SUM(K53:K64) -> 0 | L52: =SUM(L53:L64) -> 0
A53: 87878 | B53: 5.1 | C53: CHAPISCO INTERNO E EXTERNO | D53: m² | E53: 389.45 | F53: 4.58 | G53: =(F53*$E$3/100)+F53 -> 5.73416 | H53: =E53*G53 -> 2233.1686 | J53: =I53 -> 0 | K53: =I53*H53 -> 0 | L53: =J53*H53 -> 0
A54: 87550 | B54: 5.2 | C54: EMBOÇO INTERNO - esp 2,0cm | D54: m² | E54: =E53 -> 389.45 | F54: 24.11 | G54: =(F54*$E$3/100)+F54 -> 30.18572 | H54: =E54*G54 -> 11755.829 | J54: =I54 -> 0 | K54: =I54*H54 -> 0 | L54: =J54*H54 -> 0
A55: 95305 | B55: 5.3 | C55: TEXTURA ACRILICA EXTERNA PIGMENTADA (cor, seguir a existente) | D55: m² | E55: 103.01 | F55: 14.02 | G55: =(F55*$E$3/100)+F55 -> 17.55304 | H55: =E55*G55 -> 1808.1387 | J55: =I55 -> 0 | K55: =I55*H55 -> 0 | L55: =J55*H55 -> 0
A56: 88495 | B56: 5.4 | C56: MASSA FINA INTERNA | D56: m² | E56: =E54-(E55+E57) -> 190.44 | F56: 11.38 | G56: =(F56*$E$3/100)+F56 -> 14.24776 | H56: =E56*G56 -> 2713.3434 | J56: =I56 -> 0 | K56: =I56*H56 -> 0 | L56: =J56*H56 -> 0
A57: 533 | B57: 5.5 | C57: CERAMICA DE PAREDE (seguir o padrão existente, incluso ceramica, cimento cola, rejunte e instalação) | D57: m² | E57: 96 | F57: 66.25 | G57: =(F57*$E$3/100)+F57 -> 82.945 | H57: =E57*G57 -> 7962.72 | J57: =I57 -> 0 | K57: =I57*H57 -> 0 | L57: =J57*H57 -> 0
A58: 87257 | B58: 5.6 | C58: CERAMICA DE PISO (seguir o padrão existente, incluso ceramica, cimento cola, rejunte e instalação) | D58: m² | E58: 88.2 | F58: 79.1 | G58: =(F58*$E$3/100)+F58 -> 99.0332 | H58: =E58*G58 -> 8734.7282 | J58: =I58 -> 0 | K58: =I58*H58 -> 0 | L58: =J58*H58 -> 0
A59: 88485 | B59: 5.7 | C59: PINTURA INTERNA FUNDO SELADOR | D59: m² | E59: =E56 -> 190.44 | F59: 3.48 | G59: =(F59*$E$3/100)+F59 -> 4.35696 | H59: =E59*G59 -> 829.73946 | J59: =I59 -> 0 | K59: =I59*H59 -> 0 | L59: =J59*H59 -> 0
A60: 88489 | B60: 5.8 | C60: PINTURA INTERNA TINTA ACRILICA (cor, seguir a existente) | D60: m² | E60: =E55 -> 103.01 | F60: 13.09 | G60: =(F60*$E$3/100)+F60 -> 16.38868 | H60: =E60*G60 -> 1688.1979 | J60: =I60 -> 0 | K60: =I60*H60 -> 0 | L60: =J60*H60 -> 0
A61: 100726 | B61: 5.9 | C61: PINTURA ESMALTE SINTETICO SOBRE METAL - COBERTURA EXTERNA | D61: m² | E61: 61.17 | F61: 25.48 | G61: =(F61*$E$3/100)+F61 -> 31.90096 | H61: =E61*G61 -> 1951.3817 | J61: =I61 -> 0 | K61: =I61*H61 -> 0 | L61: =J61*H61 -> 0
A62: 92396 | B62: 5.10 | C62: PAVIMENTAÇÃO EM PAVER | D62: uni | E62: 40.31 | F62: 71.67 | G62: =(F62*$E$3/100)+F62 -> 89.73084 | H62: =E62*G62 -> 3617.0502 | J62: =I62 -> 0 | K62: =I62*H62 -> 0 | L62: =J62*H62 -> 0
A63: 94273 | B63: 5.11 | C63: COLOCAÇÃO DE MEIO FIO | D63: m | E63: 33.09 | F63: 46.56 | G63: =(F63*$E$3/100)+F63 -> 58.29312 | H63: =E63*G63 -> 1928.9193 | J63: =I63 -> 0 | K63: =I63*H63 -> 0 | L63: =J63*H63 -> 0
A64: 34747 | B64: 5.12 | C64: PINGADEIRA / SOLEIRA EM GRANITO (modelo, seguir o existente) | D64: m | E64: 12.4 | F64: 103.69 | G64: =(F64*$E$3/100)+F64 -> 129.81988 | H64: =E64*G64 -> 1609.7665 | J64: =I64 -> 0 | K64: =I64*H64 -> 0 | L64: =J64*H64 -> 0
B66: 6 | C66: ESQUADRIAS | H66: =SUM(H67:H71) -> 22133.996 | K66: =SUM(K67:K71) -> 0 | L66: =SUM(L67:L71) -> 0
A67: 90796 | B67: 6.1 | C67: KIT PORTA 0,80 X 2,10 m (branca, completa, instalada) | D67: uni | E67: 6 | F67: 964.81 | G67: =(F67*$E$3/100)+F67 -> 1207.9421 | H67: =E67*G67 -> 7247.6527 | J67: =I67 -> 0 | K67: =I67*H67 -> 0 | L67: =J67*H67 -> 0
A68: 94805 | B68: 6.3 | C68: PORTA EM ALUMINIO E VIDRO 1,10 X 2,10m - 2 uni (completa, instalada) | D68: m² | E68: 5.04 | F68: 1072.15 | G68: =(F68*$E$3/100)+F68 -> 1342.3318 | H68: =E68*G68 -> 6765.3523 | J68: =I68 -> 0 | K68: =I68*H68 -> 0 | L68: =J68*H68 -> 0
A69: 94573 | B69: 6.4 | C69: JANELA EM ALUMINO CORRER 2,00 X 0,80m - 4 uni (completa, instalada) | D69: m² | E69: 6.4 | F69: 477.59 | G69: =(F69*$E$3/100)+F69 -> 597.94268 | H69: =E69*G69 -> 3826.8332 | J69: =I69 -> 0 | K69: =I69*H69 -> 0 | L69: =J69*H69 -> 0
A70: 94569 | B70: 6.5 | C70: JANELA EM ALUMINO MAXIM-AR 1,00 X 0,40m - 2 uni (compl, instalada) | D70: m² | E70: 0.8 | F70: 793.36 | G70: =(F70*$E$3/100)+F70 -> 993.28672 | H70: =E70*G70 -> 794.62938 | J70: =I70 -> 0 | K70: =I70*H70 -> 0 | L70: =J70*H70 -> 0
A71: 102182 | B71: 6.6 | C71: PORTA EM ALUMINIO E VIDRO 1,60 X 2,10m - 1 uni (completa, instalada) | D71: m² | E71: 3.36 | F71: 831.89 | G71: =(F71*$E$3/100)+F71 -> 1041.5263 | H71: =E71*G71 -> 3499.5283 | J71: =I71 -> 0 | K71: =I71*H71 -> 0 | L71: =J71*H71 -> 0
B73: 7 | C73: HIDROSSANITARIO | H73: =SUM(H74:H88) -> 18077.227 | K73: =SUM(K74:K88) -> 8685.7049 | L73: =SUM(L74:L88) -> 8685.7049
A74: 91785 | B74: 7.1 | C74: TUBULAÇÃO AGUA FRIA 25MM (incluindo fixação, conecxões e corte) | D74: m | E74: 2 | F74: 567.22 | G74: =(F74*$E$3/100)+F74 -> 710.15944 | H74: =E74*G74 -> 1420.3189 | J74: =I74 -> 0 | K74: =I74*H74 -> 0 | L74: =J74*H74 -> 0
A75: 89495 | B75: 7.3 | C75: RALO SIFONADO 150mm | D75: uni | E75: 2 | F75: 17.57 | G75: =(F75*$E$3/100)+F75 -> 21.99764 | H75: =E75*G75 -> 43.99528 | J75: =I75 -> 0 | K75: =I75*H75 -> 0 | L75: =J75*H75 -> 0
A76: 91794 | B76: 7.4 | C76: TUBULAÇÃO ESGOTO 75MM (incluindo fixação, conecxões e corte) | D76: m | E76: 11 | F76: 35.26 | G76: =(F76*$E$3/100)+F76 -> 44.14552 | H76: =E76*G76 -> 485.60072 | J76: =I76 -> 0 | K76: =I76*H76 -> 0 | L76: =J76*H76 -> 0
A77: 91793 | B77: 7.5 | C77: TUBULAÇÃO ESGOTO 50MM (incluindo fixação, conecxões e corte) | D77: m | E77: 8 | F77: 27.32 | G77: =(F77*$E$3/100)+F77 -> 34.20464 | H77: =E77*G77 -> 273.63712 | J77: =I77 -> 0 | K77: =I77*H77 -> 0 | L77: =J77*H77 -> 0
A78: 91795 | B78: 7.6 | C78: TUBULAÇÃO ESGOTO 100MM (incluindo fixação, conecxões e corte) | D78: m | E78: 28 | F78: 38.03 | G78: =(F78*$E$3/100)+F78 -> 47.61356 | H78: =E78*G78 -> 1333.1797 | I78: 0.35 | J78: =I78 -> 0.35 | K78: =I78*H78 -> 466.61289 | L78: =J78*H78 -> 466.61289
A79: 86906 | B79: 7.7 | C79: TORNEIRA (completo incluso instalação) | D79: uni | E79: 3 | F79: 122.87 | G79: =(F79*$E$3/100)+F79 -> 153.83324 | H79: =E79*G79 -> 461.49972 | J79: =I79 -> 0 | K79: =I79*H79 -> 0 | L79: =J79*H79 -> 0
A80: 96888 | B80: 7.8 | C80: VASO SANITARIO (completo incluso instalação) | D80: uni | E80: 1 | F80: 470.54 | G80: =(F80*$E$3/100)+F80 -> 589.11608 | H80: =E80*G80 -> 589.11608 | J80: =I80 -> 0 | K80: =I80*H80 -> 0 | L80: =J80*H80 -> 0
A81: 86902 | B81: 7.9 | C81: LAVATORIO (completo incluso instalação) | D81: uni | E81: 1 | F81: 300.14 | G81: =(F81*$E$3/100)+F81 -> 375.77528 | H81: =E81*G81 -> 375.77528 | J81: =I81 -> 0 | K81: =I81*H81 -> 0 | L81: =J81*H81 -> 0
A82: 86872 | B82: 7.10 | C82: TANQUE (completo incluso instalação) | D82: uni | E82: 1 | F82: 677.81 | G82: =(F82*$E$3/100)+F82 -> 848.61812 | H82: =E82*G82 -> 848.61812 | J82: =I82 -> 0 | K82: =I82*H82 -> 0 | L82: =J82*H82 -> 0
A83: 102607 | B83: 7.11 | C83: CAIXA DE ÁGUA 1000L (completo incluso instalação) | D83: uni | E83: 1 | F83: 460.89 | G83: =(F83*$E$3/100)+F83 -> 577.03428 | H83: =E83*G83 -> 577.03428 | J83: =I83 -> 0 | K83: =I83*H83 -> 0 | L83: =J83*H83 -> 0
A84: 41629 | B84: 7.12 | C84: CAIXA DE PASSAGEM PRÉ-MOLDADA (0,6X0,6X0,5m em concreto) | D84: uni | E84: 2 | F84: 407.76 | G84: =(F84*$E$3/100)+F84 -> 510.51552 | H84: =E84*G84 -> 1021.031 | J84: =I84 -> 0 | K84: =I84*H84 -> 0 | L84: =J84*H84 -> 0
A85: 39361 | B85: 7.13 | C85: FOSSA SEPTICA 1100L (PEAD) | D85: uni | E85: 1 | F85: 1793.85 | G85: =(F85*$E$3/100)+F85 -> 2245.9002 | H85: =E85*G85 -> 2245.9002 | I85: 1 | J85: =I85 -> 1 | K85: =I85*H85 -> 2245.9002 | L85: =J85*H85 -> 2245.9002
A86: 98058 | B86: 7.14 | C86: FILTRO PRÉ-MOLDADO 1140L | D86: uni | E86: 1 | F86: 1793.85 | G86: =(F86*$E$3/100)+F86 -> 2245.9002 | H86: =E86*G86 -> 2245.9002 | I86: 1 | J86: =I86 -> 1 | K86: =I86*H86 -> 2245.9002 | L86: =J86*H86 -> 2245.9002
A87: 98062 | B87: 7.15 | C87: SUMIDOURO PRÉ-MOLDADO 13,1m³ | D87: uni | E87: 1 | F87: 2977.07 | G87: =(F87*$E$3/100)+F87 -> 3727.2916 | H87: =E87*G87 -> 3727.2916 | I87: 1 | J87: =I87 -> 1 | K87: =I87*H87 -> 3727.2916 | L87: =J87*H87 -> 3727.2916
A88: 98063 | B88: 7.16 | C88: DRENO CORRUGADO 100mm | D88: m | E88: 28 | F88: 69.27 | G88: =(F88*$E$3/100)+F88 -> 86.72604 | H88: =E88*G88 -> 2428.3291 | J88: =I88 -> 0 | K88: =I88*H88 -> 0 | L88: =J88*H88 -> 0
B90: 8 | C90: ELETRICO | H90: =SUM(H91:H98) -> 5486.0136 | K90: =SUM(K91:K98) -> 0 | L90: =SUM(L91:L95) -> 0
A91: 39390 | B91: 8.1 | C91: LUMINARIA LED 30W | D91: uni | E91: 12 | F91: 27.89 | G91: =(F91*$E$3/100)+F91 -> 34.91828 | H91: =E91*G91 -> 419.01936 | J91: =I91 -> 0 | K91: =I91*H91 -> 0 | L91: =J91*H91 -> 0
A92: 91926 | B92: 8.2 | C92: CABO FLEXIVEL 2,5mm | D92: m | E92: 185 | F92: 3.86 | G92: =(F92*$E$3/100)+F92 -> 4.83272 | H92: =E92*G92 -> 894.0532 | J92: =I92 -> 0 | K92: =I92*H92 -> 0 | L92: =J92*H92 -> 0
A93: 1872 | B93: 8.3 | C93: CAIXA DE PASSAGEM 4X2 | D93: uni | E93: 36 | F93: 2.81 | G93: =(F93*$E$3/100)+F93 -> 3.51812 | H93: =E93*G93 -> 126.65232 | J93: =I93 -> 0 | K93: =I93*H93 -> 0 | L93: =J93*H93 -> 0
A94: 91834 | B94: 8.4 | C94: ELETRODUTO CORRUGADO 25mm | D94: m | E94: 125 | F94: 19.04 | G94: =(F94*$E$3/100)+F94 -> 23.83808 | H94: =E94*G94 -> 2979.76 | J94: =I94 -> 0 | K94: =I94*H94 -> 0 | L94: =J94*H94 -> 0
A95: 91996 | B95: 8.5 | C95: TOMADAS | D95: uni | E95: 18 | F95: 35.61 | G95: =(F95*$E$3/100)+F95 -> 44.58372 | H95: =E95*G95 -> 802.50696 | J95: =I95 -> 0 | K95: =I95*H95 -> 0 | L95: =J95*H95 -> 0
A96: 91952 | B96: 8.6 | C96: INTERRUPTOR | D96: uni | E96: 8 | F96: 19.15 | G96: =(F96*$E$3/100)+F96 -> 23.9758 | H96: =E96*G96 -> 191.8064 | J96: =I96 -> 0 | K96: =I96*H96 -> 0 | L96: =J96*H96 -> 0
A97: 93656 | B97: 8.7 | C97: DISJUNTOR 25A | D97: uni | E97: 1 | F97: 12.52 | G97: =(F97*$E$3/100)+F97 -> 15.67504 | H97: =E97*G97 -> 15.67504 | J97: =I97 -> 0 | K97: =I97*H97 -> 0 | L97: =J97*H97 -> 0
A98: 93654 | B98: 8.8 | C98: DISJUNTOR 16A | D98: uni | E98: 4 | F98: 11.29 | G98: =(F98*$E$3/100)+F98 -> 14.13508 | H98: =E98*G98 -> 56.54032 | J98: =I98 -> 0 | K98: =I98*H98 -> 0 | L98: =J98*H98 -> 0
B100: 9 | C100: SERVIÇOS COMPLEMENTARES | H100: =SUM(H101) -> 446.50577 | K100: =SUM(K101) -> 0 | L100: =SUM(L101) -> 0
A101: 99814 | B101: 9.1 | C101: LIMPEZA DA OBRA | D101: m² | E101: 198.13 | F101: 1.8 | G101: =(F101*$E$3/100)+F101 -> 2.2536 | H101: =E101*G101 -> 446.50577 | J101: =I101 -> 0 | K101: =I101*H101 -> 0 | L101: =J101*H101 -> 0
G103: TOTAL | H103: =H9+H13+H34+H38+H52+H66+H73+H90+H100 -> 240400.03 | J103: =L103/H103 -> 0.12276787 | K103: =K66+K73+K52+K90+K100+K38+K34+K13+K9 -> 29513.4 | L103: =L66+L73+L52+L90+L100+L38+L34+L13+L9 -> 29513.4
A104: Salto do Jacuí/RS, agosto de 2025.
C109: RONALDO O. PEREIRA DE MORAES | D109: ARQº FABRICIO NOGUEIRA LORENZI
C110: PREFEITO MUNICIPAL | D110: CAU A 46694-8

Sheet NAV - orçamento
A1: PREFEITURA MUNICIPAL DE SALTO DO JACUÍ
A2: OBRA | B2: AMPLIAÇÃO E REFORMA UBS NAVEGANTES | D2: ÁREA | E2: 198.13 | G2: Ref. Sinapi: | H2: 46113
A3: LOCAL | B3: Rua José Napoleão Pereira, nº 44, Salto do Jacuí/RS | D3: BDI | E3: =BDI!F13 -> 0.2520026 | F3: %
A4: ORÇAMENTO
E5: QUANTIDADES | I5: QUANTIDADES EXECUTADAS
A7: Código Sinapi | B7: Item | C7: Discriminação | D7: Unid. | E7: Qtde. | F7: Preço Unitário (R$) | G7: Preço Unit+BDI (R$) | H7: Preço Total (R$) | I7: % periodo | J7: % acumulada | K7: valor do BM | L7: acumulado
B9: 1 | C9: SERVIÇOS PRELIMINARES E GERAIS | H9: =SUM(H10:H12) -> 4803.17 | K9: =SUM(K11:K12) -> 0 | L9: =SUM(L11:L12) -> 0
A10: 103689 | B10: 1.1 | C10: PLACA DE OBRA | D10: m² | E10: 4.5 | F10: 494.7 | G10: =ROUND((F10*$E$3)+F10,2) -> 619.37 | H10: =ROUND(ROUND(E10,2)*G10,2) -> 2787.17
A11: 97635 | B11: 1.2 | C11: REMOÇÃO DE PISO EM PAVER | D11: m² | E11: 68 | F11: 17.89 | G11: =ROUND((F11*$E$3)+F11,2) -> 22.4 | H11: =ROUND(ROUND(E11,2)*G11,2) -> 1523.2 | J11: =I11+'NAV - BM01'!J10 -> 0 | K11: =I11*H11 -> 0 | L11: =J11*H11 -> 0
A12: 97635 | B12: 1.3 | C12: REMOÇÃO DE CONCRETO DE CALÇADAS | D12: m³ | E12: 22 | F12: 17.89 | G12: =ROUND((F12*$E$3)+F12,2) -> 22.4 | H12: =ROUND(ROUND(E12,2)*G12,2) -> 492.8 | J12: =I12+'NAV - BM01'!J11 -> 0 | K12: =I12*H12 -> 0 | L12: =J12*H12 -> 0
B14: 2 | C14: FUNDAÇÃO E ESTRUTURA | H14: =SUM(H15:H33) -> 32700.4 | K14: =SUM(K15:K33) -> 1516.744 | L14: =SUM(L15:L33) -> 2981.1195
A15: 96522 | B15: 2.1 | C15: ESCAVAÇÃO MANUAL SAPATA CORRIDA 40x40cm | D15: m³ | E15: 0 | F15: 129.74 | G15: =ROUND((F15*$E$3)+F15,2) -> 162.43 | H15: =ROUND(ROUND(E15,2)*G15,2) -> 0 | J15: =I15+'NAV - BM01'!J14 -> 1 | K15: =I15*H15 -> 0 | L15: =J15*H15 -> 0 | N15: 0
A16: 102487 | B16: 2.2 | C16: CONCRETO CICLÓPICO 30 % PEDRA, PREPARO E LANÇAMENTO | D16: m³ | E16: =((100%-J16)*N16) -> 0.528 | F16: 652.74 | G16: =ROUND((F16*$E$3)+F16,2) -> 817.23 | H16: =ROUND(ROUND(E16,2)*G16,2) -> 433.13 | J16: =I16+'NAV - BM01'!J15 -> 0.95 | K16: =I16*H16 -> 0 | L16: =J16*H16 -> 411.4735 | N16: =((100%-S16)*10.56) -> 10.56 | O16: =((E16/N16)-1) -> -0.95
A17: 92763 | B17: 2.2 | C17: ARMAÇÃO FERRAGEM CA-50 12,5 MM | D17: kg | E17: =((100%-J17)*N17) -> 19.156 | F17: 8.89 | G17: =ROUND((F17*$E$3)+F17,2) -> 11.13 | H17: =ROUND(ROUND(E17,2)*G17,2) -> 213.25 | I17: 0.9 | J17: =I17+'NAV - BM01'!J16 -> 0.9 | K17: =I17*H17 -> 191.925 | L17: =J17*H17 -> 191.925 | N17: 191.56 | O17: =((E17/N17)-1) -> -0.9
A18: 92762 | B18: 2.3 | C18: ARMAÇÃO FERRAGEM CA-50 10 MM | D18: kg | E18: =((100%-J18)*N18) -> 44.992 | F18: 10.62 | G18: =ROUND((F18*$E$3)+F18,2) -> 13.3 | H18: =ROUND(ROUND(E18,2)*G18,2) -> 598.37 | I18: 0.55 | J18: =I18+'NAV - BM01'!J17 -> 0.9 | K18: =I18*H18 -> 329.1035 | L18: =J18*H18 -> 538.533 | N18: 449.92 | O18: =((E18/N18)-1) -> -0.9
A19: 92760 | B19: 2.4 | C19: ARMAÇÃO FERRAGEM CA-50 6,3 MM | D19: kg | E19: =((100%-J19)*N19) -> 5.096 | F19: 12.93 | G19: =ROUND((F19*$E$3)+F19,2) -> 16.19 | H19: =ROUND(ROUND(E19,2)*G19,2) -> 82.57 | I19: 0.9 | J19: =I19+'NAV - BM01'!J18 -> 0.9 | K19: =I19*H19 -> 74.313 | L19: =J19*H19 -> 74.313 | N19: 50.96 | O19: =((E19/N19)-1) -> -0.9
A20: 92759 | B20: 2.5 | C20: ARMAÇÃO FERRAGEM CA-50 5 MM | D20: kg | E20: =((100%-J20)*N20) -> 7.896 | F20: 13.95 | G20: =ROUND((F20*$E$3)+F20,2) -> 17.47 | H20: =ROUND(ROUND(E20,2)*G20,2) -> 138.01 | I20: 0.55 | J20: =I20+'NAV - BM01'!J19 -> 0.9 | K20: =I20*H20 -> 75.9055 | L20: =J20*H20 -> 124.209 | N20: 78.96 | O20: =((E20/N20)-1) -> -0.9
A21: 92767 | B21: 2.6 | C21: ARMAÇÃO FERRAGEM CA-50 4,2 MM | D21: kg | E21: =((100%-J21)*N21) -> 2.607 | F21: 15.31 | G21: =ROUND((F21*$E$3)+F21,2) -> 19.17 | H21: =ROUND(ROUND(E21,2)*G21,2) -> 50.03 | I21: 0.9 | J21: =I21+'NAV - BM01'!J20 -> 0.9 | K21: =I21*H21 -> 45.027 | L21: =J21*H21 -> 45.027 | N21: 26.07 | O21: =((E21/N21)-1) -> -0.9
A22: 102476 | B22: 2.7 | C22: CONCRETO FCK 25MPA - VIGAS, PILARES E VERGAS | D22: m³ | E22: =((100%-J22)*N22) -> 0.925 | F22: 720.22 | G22: =ROUND((F22*$E$3)+F22,2) -> 901.72 | H22: =ROUND(ROUND(E22,2)*G22,2) -> 838.6 | I22: 0.55 | J22: =I22+'NAV - BM01'!J21 -> 0.9 | K22: =I22*H22 -> 461.23 | L22: =J22*H22 -> 754.74 | N22: 9.25 | O22: =((E22/N22)-1) -> -0.9
A23: 102474 | B23: 2.8 | C23: CONCRETO FCK 20MPA - CONTRAPISO | D23: m³ | E23: =((100%-J23)*N23) -> 5.68 | F23: 637.63 | G23: =ROUND((F23*$E$3)+F23,2) -> 798.31 | H23: =ROUND(ROUND(E23,2)*G23,2) -> 4534.4 | J23: =I23+'NAV - BM01'!J22 -> 0 | K23: =I23*H23 -> 0 | L23: =J23*H23 -> 0 | N23: 5.68 | O23: =((E23/N23)-1) -> 0
A24: 92265 | B24: 2.9 | C24: FORMAS VIGAS, PILARES E VERGAS | D24: m² | E24: =((100%-J24)*N24) -> 3.683 | F24: 133.87 | G24: =ROUND((F24*$E$3)+F24,2) -> 167.61 | H24: =ROUND(ROUND(E24,2)*G24,2) -> 616.8 | I24: 0.55 | J24: =I24+'NAV - BM01'!J23 -> 0.9 | K24: =I24*H24 -> 339.24 | L24: =J24*H24 -> 555.12 | N24: 36.83 | O24: =((E24/N24)-1) -> -0.9
A25: 96522 | B25: 2.10 | C25: ESCAVAÇÃO MANUAL SAPATA CORRIDA 40x40cm - MURO | D25: m³ | E25: =((100%-J25)*N25) -> 10.6 | F25: 160.55 | G25: =ROUND((F25*$E$3)+F25,2) -> 201.01 | H25: =ROUND(ROUND(E25,2)*G25,2) -> 2130.71 | J25: =I25+'NAV - BM01'!J24 -> 0 | K25: =I25*H25 -> 0 | L25: =J25*H25 -> 0 | N25: 10.6 | O25: =((E25/N25)-1) -> 0
A26: 102487 | B26: 2.11 | C26: CONCRETO CICLÓPICO 30 % PEDRA, PREPARO E LANÇAMENTO - MURO | D26: m³ | E26: =((100%-J26)*N26) -> 6.36 | F26: =F16 -> 652.74 | G26: =ROUND((F26*$E$3)+F26,2) -> 817.23 | H26: =ROUND(ROUND(E26,2)*G26,2) -> 5197.58 | J26: =I26+'NAV - BM01'!J25 -> 0 | K26: =I26*H26 -> 0 | L26: =J26*H26 -> 0 | N26: 6.36 | O26: =((E26/N26)-1) -> 0
A27: =A17 -> 92763 | B27: 2.12 | C27: ARMAÇÃO FERRAGEM CA-50 12,5 MM - MURO | D27: kg | E27: =((100%-J27)*N27) -> 92.48 | F27: =F17 -> 8.89 | G27: =ROUND((F27*$E$3)+F27,2) -> 11.13 | H27: =ROUND(ROUND(E27,2)*G27,2) -> 1029.3 | J27: =I27+'NAV - BM01'!J26 -> 0 | K27: =I27*H27 -> 0 | L27: =J27*H27 -> 0 | N27: 92.48 | O27: =((E27/N27)-1) -> 0
A28: =A18 -> 92762 | B28: 2.13 | C28: ARMAÇÃO FERRAGEM CA-50 10 MM - MURO | D28: kg | E28: =((100%-J28)*N28) -> 86.38 | F28: =F18 -> 10.62 | G28: =ROUND((F28*$E$3)+F28,2) -> 13.3 | H28: =ROUND(ROUND(E28,2)*G28,2) -> 1148.85 | J28: =I28+'NAV - BM01'!J27 -> 0 | K28: =I28*H28 -> 0 | L28: =J28*H28 -> 0 | N28: 86.38 | O28: =((E28/N28)-1) -> 0
A29: 92761 | B29: 2.14 | C29: ARMAÇÃO FERRAGEM CA-50 8 MM - MURO | D29: kg | E29: =((100%-J29)*N29) -> 186.28 | F29: 12 | G29: =ROUND((F29*$E$3)+F29,2) -> 15.02 | H29: =ROUND(ROUND(E29,2)*G29,2) -> 2797.93 | J29: =I29+'NAV - BM01'!J28 -> 0 | K29: =I29*H29 -> 0 | L29: =J29*H29 -> 0 | N29: 186.28 | O29: =((E29/N29)-1) -> 0
A30: =A20 -> 92759 | B30: 2.15 | C30: ARMAÇÃO FERRAGEM CA-50 5 MM - MURO | D30: kg | E30: =((100%-J30)*N30) -> 95.78 | F30: =F20 -> 13.95 | G30: =ROUND((F30*$E$3)+F30,2) -> 17.47 | H30: =ROUND(ROUND(E30,2)*G30,2) -> 1673.28 | J30: =I30+'NAV - BM01'!J29 -> 0 | K30: =I30*H30 -> 0 | L30: =J30*H30 -> 0 | N30: 95.78 | O30: =((E30/N30)-1) -> 0
A31: 102476 | B31: 2.16 | C31: CONCRETO FCK 25MPA - VIGAS, PILARES E VERGAS - MURO | D31: m³ | E31: =((100%-J31)*N31) -> 4.77 | F31: =F22 -> 720.22 | G31: =ROUND((F31*$E$3)+F31,2) -> 901.72 | H31: =ROUND(ROUND(E31,2)*G31,2) -> 4301.2 | J31: =I31+'NAV - BM01'!J30 -> 0 | K31: =I31*H31 -> 0 | L31: =J31*H31 -> 0 | N31: 4.77 | O31: =((E31/N31)-1) -> 0
A32: 92265 | B32: 2.17 | C32: FORMAS VIGAS, PILARES E VERGAS - MURO | D32: m² | E32: =((100%-J32)*N32) -> 39.47 | F32: =F24 -> 133.87 | G32: =ROUND((F32*$E$3)+F32,2) -> 167.61 | H32: =ROUND(ROUND(E32,2)*G32,2) -> 6615.57 | J32: =I32+'NAV - BM01'!J31 -> 0 | K32: =I32*H32 -> 0 | L32: =J32*H32 -> 0 | N32: 39.47 | O32: =((E32/N32)-1) -> 0
A33: 101165 | B33: 2.18 | C33: ALVENARIA DE EMBASAMENTO TIJOLO MACIÇO | D33: m³ | E33: =((100%-J33)*N33) -> 0.206 | F33: 1144.15 | G33: =ROUND((F33*$E$3)+F33,2) -> 1432.48 | H33: =ROUND(ROUND(E33,2)*G33,2) -> 300.82 | J33: =I33+'NAV - BM01'!J32 -> 0.95 | K33: =I33*H33 -> 0 | L33: =J33*H33 -> 285.779 | N33: 4.12 | O33: =((E33/N33)-1) -> -0.95
B35: 3 | C35: ALVENARIA | H35: =SUM(H36:H37) -> 11513.85 | K35: =SUM(K36:K37) -> 2552.5925 | L35: =SUM(L36:L37) -> 2552.5925
A36: 103330 | B36: 3.1 | C36: ALVENARIA BLOCOS CERÂMICOS 11,5X14X19 | D36: m² | E36: =((100%-J36)*N36) -> 27.66 | F36: 86.72 | G36: =ROUND((F36*$E$3)+F36,2) -> 108.57 | H36: =ROUND(ROUND(E36,2)*G36,2) -> 3003.05 | I36: 0.85 | J36: =I36+'NAV - BM01'!J35 -> 0.85 | K36: =I36*H36 -> 2552.5925 | L36: =J36*H36 -> 2552.5925 | N36: 184.4 | O36: =((E36/N36)-1) -> -0.85
A37: 103330 | B37: 3.2 | C37: ALVENARIA BLOCOS CERÂMICOS 11,5X14X19 - MURO | D37: m² | E37: =((100%-J37)*N37) -> 78.39 | F37: =F36 -> 86.72 | G37: =ROUND((F37*$E$3)+F37,2) -> 108.57 | H37: =ROUND(ROUND(E37,2)*G37,2) -> 8510.8 | J37: =I37+'NAV - BM01'!J36 -> 0 | K37: =I37*H37 -> 0 | L37: =J37*H37 -> 0 | N37: 78.39 | O37: =((E37/N37)-1) -> 0
B39: 4 | C39: COBERTURA | H39: =SUM(H40:H51) -> 58474.77 | K39: =SUM(K40:K51) -> 0 | L39: =SUM(L40:L51) -> 0
A40: 92544 | B40: 4.1 | C40: TRAMA DE MADEIRA (prolongamento do beiral da área a reformar) | D40: m² | E40: =((100%-J40)*N40) -> 95.52 | F40: 20.69 | G40: =ROUND((F40*$E$3)+F40,2) -> 25.9 | H40: =ROUND(ROUND(E40,2)*G40,2) -> 2473.97 | J40: =I40+'NAV - BM01'!J39 -> 0 | K40: =I40*H40 -> 0 | L40: =J40*H40 -> 0 | N40: 95.52 | O40: =((E40/N40)-1) -> 0
A41: 94213 | B41: 4.2 | C41: TELHAMENTO TELHAS METÁLICAS (TP 40 0,50mm, trapezoidal) , incluso cortes, dobras, parafusos, buchas, fita dupla face de vedação e instalação. | D41: m² | E41: =((100%-J41)*N41) -> 95.52 | F41: 63.02 | G41: =ROUND((F41*$E$3)+F41,2) -> 78.9 | H41: =ROUND(ROUND(E41,2)*G41,2) -> 7536.53 | J41: =I41+'NAV - BM01'!J40 -> 0 | K41: =I41*H41 -> 0 | L41: =J41*H41 -> 0 | N41: 95.52 | O41: =((E41/N41)-1) -> 0
A42: 94227 | B42: 4.3 | C42: RUFOS E CALHAS EM CHAPA DE AÇO GALVANIZADO (com fechamento total da platibanda na parte interna e superior), incluso, corte, dobra, parafusos, buchas, rebites, fita de vedação dupla face, adesivo PU, e instalação | D42: m | E42: =((100%-J42)*N42) -> 36.32 | F42: 73.61 | G42: =ROUND((F42*$E$3)+F42,2) -> 92.16 | H42: =ROUND(ROUND(E42,2)*G42,2) -> 3347.25 | J42: =I42+'NAV - BM01'!J41 -> 0 | K42: =I42*H42 -> 0 | L42: =J42*H42 -> 0 | N42: 36.32 | O42: =((E42/N42)-1) -> 0
A43: 96116 | B43: 4.4 | C43: FORRO PVC (3D, inclusive estrutura de fixação) | D43: m² | E43: =((100%-J43)*N43) -> 6.8 | F43: 74.84 | G43: =ROUND((F43*$E$3)+F43,2) -> 93.7 | H43: =ROUND(ROUND(E43,2)*G43,2) -> 637.16 | J43: =I43+'NAV - BM01'!J42 -> 0 | K43: =I43*H43 -> 0 | L43: =J43*H43 -> 0 | N43: 6.8 | O43: =((E43/N43)-1) -> 0
A44: 96121 | B44: 4.5 | C44: RODA FORRO PVC "U" (3D) | D44: m | E44: =((100%-J44)*N44) -> 13.6 | F44: 13.94 | G44: =ROUND((F44*$E$3)+F44,2) -> 17.45 | H44: =ROUND(ROUND(E44,2)*G44,2) -> 237.32 | J44: =I44+'NAV - BM01'!J43 -> 0 | K44: =I44*H44 -> 0 | L44: =J44*H44 -> 0 | N44: 13.6 | O44: =((E44/N44)-1) -> 0
A45: 96114 | B45: 4.6 | C45: FORRO GESSO ACARTONADO | D45: m² | E45: =((100%-J45)*N45) -> 81.2 | F45: 86.76 | G45: =ROUND((F45*$E$3)+F45,2) -> 108.62 | H45: =ROUND(ROUND(E45,2)*G45,2) -> 8819.94 | J45: =I45+'NAV - BM01'!J44 -> 0 | K45: =I45*H45 -> 0 | L45: =J45*H45 -> 0 | N45: 81.2 | O45: =((E45/N45)-1) -> 0
A46: 100764 | B46: 4.7 | C46: PERFIL METALICO 0,10X0,30X - COBERTURA EXTERNA | D46: kg | E46: =((100%-J46)*N46) -> 200.7 | F46: 19.34 | G46: =ROUND((F46*$E$3)+F46,2) -> 24.21 | H46: =ROUND(ROUND(E46,2)*G46,2) -> 4858.95 | J46: =I46+'NAV - BM01'!J45 -> 0 | K46: =I46*H46 -> 0 | L46: =J46*H46 -> 0 | N46: 200.7 | O46: =((E46/N46)-1) -> 0
A47: 100764 | B47: 4.8 | C47: PERFIL METALICO 0,10X0,30X - COBERTURA EXTERNA | D47: kg | E47: =((100%-J47)*N47) -> 281.34 | F47: 19.34 | G47: =ROUND((F47*$E$3)+F47,2) -> 24.21 | H47: =ROUND(ROUND(E47,2)*G47,2) -> 6811.24 | J47: =I47+'NAV - BM01'!J46 -> 0 | K47: =I47*H47 -> 0 | L47: =J47*H47 -> 0 | N47: 281.34 | O47: =((E47/N47)-1) -> 0
A48: 100764 | B48: 4.9 | C48: PERFIL METALICO 0,10X0,20X - COBERTURA EXTERNA | D48: kg | E48: =((100%-J48)*N48) -> 334.97 | F48: 19.34 | G48: =ROUND((F48*$E$3)+F48,2) -> 24.21 | H48: =ROUND(ROUND(E48,2)*G48,2) -> 8109.62 | J48: =I48+'NAV - BM01'!J47 -> 0 | K48: =I48*H48 -> 0 | L48: =J48*H48 -> 0 | N48: 334.97 | O48: =((E48/N48)-1) -> 0
A49: 94213 | B49: 4.10 | C49: TELHAMENTO TELHAS METÁLICAS (TP 40 0,50mm, trapezoidal) - COB. EXT. | D49: m² | E49: =((100%-J49)*N49) -> 59.44 | F49: =F41 -> 63.02 | G49: =ROUND((F49*$E$3)+F49,2) -> 78.9 | H49: =ROUND(ROUND(E49,2)*G49,2) -> 4689.82 | J49: =I49+'NAV - BM01'!J48 -> 0 | K49: =I49*H49 -> 0 | L49: =J49*H49 -> 0 | N49: 59.44 | O49: =((E49/N49)-1) -> 0
A50: mercado local | B50: 4.11 | C50: COBERTURA EM ACRILICO - COBERTURA EXTERNA | D50: m² | E50: =((100%-J50)*N50) -> 24.44 | F50: 185 | G50: =ROUND((F50*$E$3)+F50,2) -> 231.62 | H50: =ROUND(ROUND(E50,2)*G50,2) -> 5660.79 | J50: =I50+'NAV - BM01'!J49 -> 0 | K50: =I50*H50 -> 0 | L50: =J50*H50 -> 0 | N50: 24.44 | O50: =((E50/N50)-1) -> 0
A51: 96116 | B51: 4.12 | C51: FORRO PVC (3D, inclusive estrutura de fixação) - COBERTURA EXTERNA | D51: m² | E51: =((100%-J51)*N51) -> 56.48 | F51: =F43 -> 74.84 | G51: =ROUND((F51*$E$3)+F51,2) -> 93.7 | H51: =ROUND(ROUND(E51,2)*G51,2) -> 5292.18 | J51: =I51+'NAV - BM01'!J50 -> 0 | K51: =I51*H51 -> 0 | L51: =J51*H51 -> 0 | N51: 56.48 | O51: =((E51/N51)-1) -> 0
B53: 5 | C53: ACABAMENTOS | H53: =SUM(H55:H65) -> 47814.92 | K53: =SUM(K54:K65) -> 0 | L53: =SUM(L54:L65) -> 0
A54: 87878 | B54: 5.1 | C54: CHAPISCO INTERNO E EXTERNO | D54: m² | E54: =((100%-J54)*N54) -> 389.45 | F54: 5.46 | G54: =ROUND((F54*$E$3)+F54,2) -> 6.84 | H54: =ROUND(ROUND(E54,2)*G54,2) -> 2663.84 | J54: =I54+'NAV - BM01'!J53 -> 0 | K54: =I54*H54 -> 0 | L54: =J54*H54 -> 0 | N54: 389.45 | O54: =((E54/N54)-1) -> 0
A55: 87550 | B55: 5.2 | C55: EMBOÇO INTERNO - esp 2,0cm | D55: m² | E55: =((100%-J55)*N55) -> 389.45 | F55: 29.23 | G55: =ROUND((F55*$E$3)+F55,2) -> 36.6 | H55: =ROUND(ROUND(E55,2)*G55,2) -> 14253.87 | J55: =I55+'NAV - BM01'!J54 -> 0 | K55: =I55*H55 -> 0 | L55: =J55*H55 -> 0 | N55: =N54 -> 389.45 | O55: =((E55/N55)-1) -> 0
A56: 95305 | B56: 5.3 | C56: TEXTURA ACRILICA EXTERNA PIGMENTADA (cor, seguir a existente) | D56: m² | E56: =((100%-J56)*N56) -> 103.01 | F56: 14.92 | G56: =ROUND((F56*$E$3)+F56,2) -> 18.68 | H56: =ROUND(ROUND(E56,2)*G56,2) -> 1924.23 | J56: =I56+'NAV - BM01'!J55 -> 0 | K56: =I56*H56 -> 0 | L56: =J56*H56 -> 0 | N56: 103.01 | O56: =((E56/N56)-1) -> 0
A57: 88495 | B57: 5.4 | C57: MASSA FINA INTERNA | D57: m² | E57: =((100%-J57)*N57) -> 190.44 | F57: 13.04 | G57: =ROUND((F57*$E$3)+F57,2) -> 16.33 | H57: =ROUND(ROUND(E57,2)*G57,2) -> 3109.89 | J57: =I57+'NAV - BM01'!J56 -> 0 | K57: =I57*H57 -> 0 | L57: =J57*H57 -> 0 | N57: =N55-(N56+N58) -> 190.44 | O57: =((E57/N57)-1) -> 0
A58: 87273 | B58: 5.5 | C58: CERAMICA DE PAREDE (seguir o padrão existente, incluso ceramica, cimento cola, rejunte e instalação) | D58: m² | E58: =((100%-J58)*N58) -> 96 | F58: 66.35 | G58: =ROUND((F58*$E$3)+F58,2) -> 83.07 | H58: =ROUND(ROUND(E58,2)*G58,2) -> 7974.72 | J58: =I58+'NAV - BM01'!J57 -> 0 | K58: =I58*H58 -> 0 | L58: =J58*H58 -> 0 | N58: 96 | O58: =((E58/N58)-1) -> 0
A59: 87257 | B59: 5.6 | C59: CERAMICA DE PISO (seguir o padrão existente, incluso ceramica, cimento cola, rejunte e instalação) | D59: m² | E59: =((100%-J59)*N59) -> 88.2 | F59: 61.55 | G59: =ROUND((F59*$E$3)+F59,2) -> 77.06 | H59: =ROUND(ROUND(E59,2)*G59,2) -> 6796.69 | J59: =I59+'NAV - BM01'!J58 -> 0 | K59: =I59*H59 -> 0 | L59: =J59*H59 -> 0 | N59: 88.2 | O59: =((E59/N59)-1) -> 0
A60: 88485 | B60: 5.7 | C60: PINTURA INTERNA FUNDO SELADOR | D60: m² | E60: =((100%-J60)*N60) -> 190.44 | F60: 4.03 | G60: =ROUND((F60*$E$3)+F60,2) -> 5.05 | H60: =ROUND(ROUND(E60,2)*G60,2) -> 961.72 | J60: =I60+'NAV - BM01'!J59 -> 0 | K60: =I60*H60 -> 0 | L60: =J60*H60 -> 0 | N60: =N57 -> 190.44 | O60: =((E60/N60)-1) -> 0
A61: 88489 | B61: 5.8 | C61: PINTURA INTERNA TINTA ACRILICA (cor, seguir a existente) | D61: m² | E61: =((100%-J61)*N61) -> 103.01 | F61: 14.09 | G61: =ROUND((F61*$E$3)+F61,2) -> 17.64 | H61: =ROUND(ROUND(E61,2)*G61,2) -> 1817.1 | J61: =I61+'NAV - BM01'!J60 -> 0 | K61: =I61*H61 -> 0 | L61: =J61*H61 -> 0 | N61: =N56 -> 103.01 | O61: =((E61/N61)-1) -> 0
A62: 100726 | B62: 5.9 | C62: PINTURA ESMALTE SINTETICO SOBRE METAL - COBERTURA EXTERNA | D62: m² | E62: =((100%-J62)*N62) -> 61.17 | F62: 30.02 | G62: =ROUND((F62*$E$3)+F62,2) -> 37.59 | H62: =ROUND(ROUND(E62,2)*G62,2) -> 2299.38 | J62: =I62+'NAV - BM01'!J61 -> 0 | K62: =I62*H62 -> 0 | L62: =J62*H62 -> 0 | N62: 61.17 | O62: =((E62/N62)-1) -> 0
A63: 92396 | B63: 5.10 | C63: PAVIMENTAÇÃO EM PAVER | D63: uni | E63: =((100%-J63)*N63) -> 40.31 | F63: 83.92 | G63: =ROUND((F63*$E$3)+F63,2) -> 105.07 | H63: =ROUND(ROUND(E63,2)*G63,2) -> 4235.37 | J63: =I63+'NAV - BM01'!J62 -> 0 | K63: =I63*H63 -> 0 | L63: =J63*H63 -> 0 | N63: 40.31 | O63: =((E63/N63)-1) -> 0
A64: 94273 | B64: 5.11 | C64: COLOCAÇÃO DE MEIO FIO | D64: m | E64: =((100%-J64)*N64) -> 33.09 | F64: 53.06 | G64: =ROUND((F64*$E$3)+F64,2) -> 66.43 | H64: =ROUND(ROUND(E64,2)*G64,2) -> 2198.17 | J64: =I64+'NAV - BM01'!J63 -> 0 | K64: =I64*H64 -> 0 | L64: =J64*H64 -> 0 | N64: 33.09 | O64: =((E64/N64)-1) -> 0
A65: 34747 | B65: 5.12 | C65: PINGADEIRA / SOLEIRA EM GRANITO (modelo, seguir o existente) | D65: m | E65: =((100%-J65)*N65) -> 12.4 | F65: 144.53 | G65: =ROUND((F65*$E$3)+F65,2) -> 180.95 | H65: =ROUND(ROUND(E65,2)*G65,2) -> 2243.78 | J65: =I65+'NAV - BM01'!J64 -> 0 | K65: =I65*H65 -> 0 | L65: =J65*H65 -> 0 | N65: 12.4 | O65: =((E65/N65)-1) -> 0
B67: 6 | C67: ESQUADRIAS | H67: =SUM(H68:H72) -> 23894.4 | K67: =SUM(K68:K72) -> 0 | L67: =SUM(L68:L72) -> 0
A68: 90796 | B68: 6.1 | C68: KIT PORTA 0,80 X 2,10 m (branca, completa, instalada) | D68: uni | E68: =((100%-J68)*N68) -> 6 | F68: 943.54 | G68: =ROUND((F68*$E$3)+F68,2) -> 1181.31 | H68: =ROUND(ROUND(E68,2)*G68,2) -> 7087.86 | J68: =I68+'NAV - BM01'!J67 -> 0 | K68: =I68*H68 -> 0 | L68: =J68*H68 -> 0 | N68: 6 | O68: =((E68/N68)-1) -> 0
A69: 94805 | B69: 6.3 | C69: PORTA EM ALUMINIO E VIDRO 1,10 X 2,10m - 2 uni (completa, instalada) | D69: m² | E69: =((100%-J69)*N69) -> 5.04 | F69: 1290.65 | G69: =ROUND((F69*$E$3)+F69,2) -> 1615.9 | H69: =ROUND(ROUND(E69,2)*G69,2) -> 8144.14 | J69: =I69+'NAV - BM01'!J68 -> 0 | K69: =I69*H69 -> 0 | L69: =J69*H69 -> 0 | N69: 5.04 | O69: =((E69/N69)-1) -> 0
A70: 94573 | B70: 6.4 | C70: JANELA EM ALUMINO CORRER 2,00 X 0,80m - 4 uni (completa, instalada) | D70: m² | E70: =((100%-J70)*N70) -> 6.4 | F70: 489.71 | G70: =ROUND((F70*$E$3)+F70,2) -> 613.12 | H70: =ROUND(ROUND(E70,2)*G70,2) -> 3923.97 | J70: =I70+'NAV - BM01'!J69 -> 0 | K70: =I70*H70 -> 0 | L70: =J70*H70 -> 0 | N70: 6.4 | O70: =((E70/N70)-1) -> 0
A71: 94569 | B71: 6.5 | C71: JANELA EM ALUMINO MAXIM-AR 1,00 X 0,40m - 2 uni (compl, instalada) | D71: m² | E71: =((100%-J71)*N71) -> 0.8 | F71: 825.36 | G71: =ROUND((F71*$E$3)+F71,2) -> 1033.35 | H71: =ROUND(ROUND(E71,2)*G71,2) -> 826.68 | J71: =I71+'NAV - BM01'!J70 -> 0 | K71: =I71*H71 -> 0 | L71: =J71*H71 -> 0 | N71: 0.8 | O71: =((E71/N71)-1) -> 0
A72: 102182 | B72: 6.6 | C72: PORTA EM ALUMINIO E VIDRO 1,60 X 2,10m - 1 uni (completa, instalada) | D72: m² | E72: =((100%-J72)*N72) -> 3.36 | F72: 929.88 | G72: =ROUND((F72*$E$3)+F72,2) -> 1164.21 | H72: =ROUND(ROUND(E72,2)*G72,2) -> 3911.75 | J72: =I72+'NAV - BM01'!J71 -> 0 | K72: =I72*H72 -> 0 | L72: =J72*H72 -> 0 | N72: 3.36 | O72: =((E72/N72)-1) -> 0
B74: 7 | C74: HIDROSSANITARIO | H74: =SUM(H75:H89) -> 10326.19 | K74: =SUM(K75:K89) -> 0 | L74: =SUM(L75:L89) -> 303.275
A75: 91785 | B75: 7.1 | C75: TUBULAÇÃO AGUA FRIA 25MM (incluindo fixação, conecxões e corte) | D75: m | E75: =((100%-J75)*N75) -> 2 | F75: 567.22 | G75: =ROUND((F75*$E$3)+F75,2) -> 710.16 | H75: =ROUND(ROUND(E75,2)*G75,2) -> 1420.32 | J75: =I75+'NAV - BM01'!J74 -> 0 | K75: =I75*H75 -> 0 | L75: =J75*H75 -> 0 | N75: 2 | O75: =((E75/N75)-1) -> 0
A76: 89495 | B76: 7.3 | C76: RALO SIFONADO 150mm | D76: uni | E76: =((100%-J76)*N76) -> 2 | F76: 22.74 | G76: =ROUND((F76*$E$3)+F76,2) -> 28.47 | H76: =ROUND(ROUND(E76,2)*G76,2) -> 56.94 | J76: =I76+'NAV - BM01'!J75 -> 0 | K76: =I76*H76 -> 0 | L76: =J76*H76 -> 0 | N76: 2 | O76: =((E76/N76)-1) -> 0
A77: 91794 | B77: 7.4 | C77: TUBULAÇÃO ESGOTO 75MM (incluindo fixação, conecxões e corte) | D77: m | E77: =((100%-J77)*N77) -> 11 | F77: 35.26 | G77: =ROUND((F77*$E$3)+F77,2) -> 44.15 | H77: =ROUND(ROUND(E77,2)*G77,2) -> 485.65 | J77: =I77+'NAV - BM01'!J76 -> 0 | K77: =I77*H77 -> 0 | L77: =J77*H77 -> 0 | N77: 11 | O77: =((E77/N77)-1) -> 0
A78: 91793 | B78: 7.5 | C78: TUBULAÇÃO ESGOTO 50MM (incluindo fixação, conecxões e corte) | D78: m | E78: =((100%-J78)*N78) -> 8 | F78: 27.32 | G78: =ROUND((F78*$E$3)+F78,2) -> 34.2 | H78: =ROUND(ROUND(E78,2)*G78,2) -> 273.6 | J78: =I78+'NAV - BM01'!J77 -> 0 | K78: =I78*H78 -> 0 | L78: =J78*H78 -> 0 | N78: 8 | O78: =((E78/N78)-1) -> 0
A79: 91795 | B79: 7.6 | C79: TUBULAÇÃO ESGOTO 100MM (incluindo fixação, conecxões e corte) | D79: m | E79: =((100%-J79)*N79) -> 18.2 | F79: 38.03 | G79: =ROUND((F79*$E$3)+F79,2) -> 47.61 | H79: =ROUND(ROUND(E79,2)*G79,2) -> 866.5 | J79: =I79+'NAV - BM01'!J78 -> 0.35 | K79: =I79*H79 -> 0 | L79: =J79*H79 -> 303.275 | N79: 28 | O79: =((E79/N79)-1) -> -0.35
A80: 86906 | B80: 7.7 | C80: TORNEIRA (completo incluso instalação) | D80: uni | E80: =((100%-J80)*N80) -> 3 | F80: 138.1 | G80: =ROUND((F80*$E$3)+F80,2) -> 172.9 | H80: =ROUND(ROUND(E80,2)*G80,2) -> 518.7 | J80: =I80+'NAV - BM01'!J79 -> 0 | K80: =I80*H80 -> 0 | L80: =J80*H80 -> 0 | N80: 3 | O80: =((E80/N80)-1) -> 0
A81: 86888 | B81: 7.8 | C81: VASO SANITARIO (completo incluso instalação) | D81: uni | E81: =((100%-J81)*N81) -> 1 | F81: 593.79 | G81: =ROUND((F81*$E$3)+F81,2) -> 743.43 | H81: =ROUND(ROUND(E81,2)*G81,2) -> 743.43 | J81: =I81+'NAV - BM01'!J80 -> 0 | K81: =I81*H81 -> 0 | L81: =J81*H81 -> 0 | N81: 1 | O81: =((E81/N81)-1) -> 0
A82: 86902 | B82: 7.9 | C82: LAVATORIO (completo incluso instalação) | D82: uni | E82: =((100%-J82)*N82) -> 1 | F82: 338.43 | G82: =ROUND((F82*$E$3)+F82,2) -> 423.72 | H82: =ROUND(ROUND(E82,2)*G82,2) -> 423.72 | J82: =I82+'NAV - BM01'!J81 -> 0 | K82: =I82*H82 -> 0 | L82: =J82*H82 -> 0 | N82: 1 | O82: =((E82/N82)-1) -> 0
A83: 86872 | B83: 7.10 | C83: TANQUE (completo incluso instalação) | D83: uni | E83: =((100%-J83)*N83) -> 1 | F83: 864.01 | G83: =ROUND((F83*$E$3)+F83,2) -> 1081.74 | H83: =ROUND(ROUND(E83,2)*G83,2) -> 1081.74 | J83: =I83+'NAV - BM01'!J82 -> 0 | K83: =I83*H83 -> 0 | L83: =J83*H83 -> 0 | N83: 1 | O83: =((E83/N83)-1) -> 0
A84: 102607 | B84: 7.11 | C84: CAIXA DE ÁGUA 1000L (completo incluso instalação) | D84: uni | E84: =((100%-J84)*N84) -> 1 | F84: 496.94 | G84: =ROUND((F84*$E$3)+F84,2) -> 622.17 | H84: =ROUND(ROUND(E84,2)*G84,2) -> 622.17 | J84: =I84+'NAV - BM01'!J83 -> 0 | K84: =I84*H84 -> 0 | L84: =J84*H84 -> 0 | N84: 1 | O84: =((E84/N84)-1) -> 0
A85: 41629 | B85: 7.12 | C85: CAIXA DE PASSAGEM PRÉ-MOLDADA (0,6X0,6X0,5m em concreto) | D85: uni | E85: =((100%-J85)*N85) -> 2 | F85: 469.62 | G85: =ROUND((F85*$E$3)+F85,2) -> 587.97 | H85: =ROUND(ROUND(E85,2)*G85,2) -> 1175.94 | J85: =I85+'NAV - BM01'!J84 -> 0 | K85: =I85*H85 -> 0 | L85: =J85*H85 -> 0 | N85: 2 | O85: =((E85/N85)-1) -> 0
A86: 39361 | B86: 7.13 | C86: FOSSA SEPTICA 1100L (PEAD) | D86: uni | E86: =((100%-J86)*N86) -> 0 | F86: 1793.85 | G86: =ROUND((F86*$E$3)+F86,2) -> 2245.9 | H86: =ROUND(ROUND(E86,2)*G86,2) -> 0 | J86: =I86+'NAV - BM01'!J85 -> 1 | K86: =I86*H86 -> 0 | L86: =J86*H86 -> 0 | N86: 0
A87: 98058 | B87: 7.14 | C87: FILTRO PRÉ-MOLDADO 1140L | D87: uni | E87: =((100%-J87)*N87) -> 0 | F87: 1793.85 | G87: =ROUND((F87*$E$3)+F87,2) -> 2245.9 | H87: =ROUND(ROUND(E87,2)*G87,2) -> 0 | J87: =I87+'NAV - BM01'!J86 -> 1 | K87: =I87*H87 -> 0 | L87: =J87*H87 -> 0 | N87: 0
A88: 98062 | B88: 7.15 | C88: SUMIDOURO PRÉ-MOLDADO 13,1m³ | D88: uni | E88: =((100%-J88)*N88) -> 0 | F88: 2977.07 | G88: =ROUND((F88*$E$3)+F88,2) -> 3727.3 | H88: =ROUND(ROUND(E88,2)*G88,2) -> 0 | J88: =I88+'NAV - BM01'!J87 -> 1 | K88: =I88*H88 -> 0 | L88: =J88*H88 -> 0 | N88: 0
A89: 102705 | B89: 7.16 | C89: DRENO CORRUGADO 100mm | D89: m | E89: =((100%-J89)*N89) -> 28 | F89: 75.81 | G89: =ROUND((F89*$E$3)+F89,2) -> 94.91 | H89: =ROUND(ROUND(E89,2)*G89,2) -> 2657.48 | J89: =I89+'NAV - BM01'!J88 -> 0 | K89: =I89*H89 -> 0 | L89: =J89*H89 -> 0 | N89: 28 | O89: =((E89/N89)-1) -> 0
B91: 8 | C91: ELETRICO | H91: =SUM(H92:H99) -> 5862.42 | K91: =SUM(K92:K99) -> 0 | L91: =SUM(L92:L96) -> 0
A92: 39390 | B92: 8.1 | C92: LUMINARIA LED 30W | D92: uni | E92: =((100%-J92)*N92) -> 12 | F92: 23.51 | G92: =ROUND((F92*$E$3)+F92,2) -> 29.43 | H92: =ROUND(ROUND(E92,2)*G92,2) -> 353.16 | J92: =I92+'NAV - BM01'!J91 -> 0 | K92: =I92*H92 -> 0 | L92: =J92*H92 -> 0 | N92: 12 | O92: =((E92/N92)-1) -> 0
A93: 91926 | B93: 8.2 | C93: CABO FLEXIVEL 2,5mm | D93: m | E93: =((100%-J93)*N93) -> 185 | F93: 4.89 | G93: =ROUND((F93*$E$3)+F93,2) -> 6.12 | H93: =ROUND(ROUND(E93,2)*G93,2) -> 1132.2 | J93: =I93+'NAV - BM01'!J92 -> 0 | K93: =I93*H93 -> 0 | L93: =J93*H93 -> 0 | N93: 185 | O93: =((E93/N93)-1) -> 0
A94: 1872 | B94: 8.3 | C94: CAIXA DE PASSAGEM 4X2 | D94: uni | E94: =((100%-J94)*N94) -> 36 | F94: 2.86 | G94: =ROUND((F94*$E$3)+F94,2) -> 3.58 | H94: =ROUND(ROUND(E94,2)*G94,2) -> 128.88 | J94: =I94+'NAV - BM01'!J93 -> 0 | K94: =I94*H94 -> 0 | L94: =J94*H94 -> 0 | N94: 36 | O94: =((E94/N94)-1) -> 0
A95: 91834 | B95: 8.4 | C95: ELETRODUTO CORRUGADO 25mm | D95: m | E95: =((100%-J95)*N95) -> 125 | F95: 19.48 | G95: =ROUND((F95*$E$3)+F95,2) -> 24.39 | H95: =ROUND(ROUND(E95,2)*G95,2) -> 3048.75 | J95: =I95+'NAV - BM01'!J94 -> 0 | K95: =I95*H95 -> 0 | L95: =J95*H95 -> 0 | N95: 125 | O95: =((E95/N95)-1) -> 0
A96: 91996 | B96: 8.5 | C96: TOMADAS | D96: uni | E96: =((100%-J96)*N96) -> 18 | F96: 40.47 | G96: =ROUND((F96*$E$3)+F96,2) -> 50.67 | H96: =ROUND(ROUND(E96,2)*G96,2) -> 912.06 | J96: =I96+'NAV - BM01'!J95 -> 0 | K96: =I96*H96 -> 0 | L96: =J96*H96 -> 0 | N96: 18 | O96: =((E96/N96)-1) -> 0
A97: 91952 | B97: 8.6 | C97: INTERRUPTOR | D97: uni | E97: =((100%-J97)*N97) -> 8 | F97: 21.68 | G97: =ROUND((F97*$E$3)+F97,2) -> 27.14 | H97: =ROUND(ROUND(E97,2)*G97,2) -> 217.12 | J97: =I97+'NAV - BM01'!J96 -> 0 | K97: =I97*H97 -> 0 | L97: =J97*H97 -> 0 | N97: 8 | O97: =((E97/N97)-1) -> 0
A98: 93656 | B98: 8.7 | C98: DISJUNTOR 25A | D98: uni | E98: =((100%-J98)*N98) -> 1 | F98: 12.82 | G98: =ROUND((F98*$E$3)+F98,2) -> 16.05 | H98: =ROUND(ROUND(E98,2)*G98,2) -> 16.05 | J98: =I98+'NAV - BM01'!J97 -> 0 | K98: =I98*H98 -> 0 | L98: =J98*H98 -> 0 | N98: 1 | O98: =((E98/N98)-1) -> 0
A99: 93654 | B99: 8.8 | C99: DISJUNTOR 16A | D99: uni | E99: =((100%-J99)*N99) -> 4 | F99: 10.82 | G99: =ROUND((F99*$E$3)+F99,2) -> 13.55 | H99: =ROUND(ROUND(E99,2)*G99,2) -> 54.2 | J99: =I99+'NAV - BM01'!J98 -> 0 | K99: =I99*H99 -> 0 | L99: =J99*H99 -> 0 | N99: 4 | O99: =((E99/N99)-1) -> 0
B101: 9 | C101: SERVIÇOS COMPLEMENTARES | H101: =SUM(H102) -> 431.92 | K101: =SUM(K102) -> 0 | L101: =SUM(L102) -> 0
A102: 99814 | B102: 9.1 | C102: LIMPEZA DA OBRA | D102: m² | E102: =((100%-J102)*N102) -> 198.13 | F102: 1.74 | G102: =ROUND((F102*$E$3)+F102,2) -> 2.18 | H102: =ROUND(ROUND(E102,2)*G102,2) -> 431.92 | J102: =I102+'NAV - BM01'!J101 -> 0 | K102: =I102*H102 -> 0 | L102: =J102*H102 -> 0 | N102: 198.13 | O102: =((E102/N102)-1) -> 0
G104: TOTAL | H104: =H9+H14+H35+H39+H53+H67+H74+H91+H101 -> 195822.04 | J104: =L104/H104 -> 0.02980761 | K104: =K67+K74+K53+K91+K101+K39+K35+K14+K9 -> 4069.3365 | L104: =L67+L74+L53+L91+L101+L39+L35+L14+L9 -> 5836.987
A106: Salto do Jacuí/RS, maio de 2023.
C111: RONALDO O. PEREIRA DE MORAES | D111: ARQº FABRICIO NOGUEIRA LORENZI
C112: PREFEITO MUNICIPAL | D112: CAU A 46694-8

Sheet NAV - cronograma
A1: PREFEITURA MUNICIPAL DE SALTO DO JACUÍ
A2: OBRA | C2: ='NAV - orçamento'!B2 -> AMPLIAÇÃO E REFORMA UBS NAVEGANTES
A3: LOCAL | C3: ='NAV - orçamento'!B3 -> Rua José Napoleão Pereira, nº 44, Salto do Jacuí/RS
A4: CRONOGRAMA
A6: item | C6: valor | D6: 1º Mês | F6: 2º Mês | H6: 3º Mês | J6: 4º Mês | L6: 5º Mês | N6: 6º Mês | P6: 7º Mês | R6: 8º Mês | T6: 9º Mês | V6: 10º Mês | X6: 11º Mês | Z6: 12º Mês
D7: no mês | E7: acum. | F7: no mês | G7: acum. | H7: no mês | I7: acum. | J7: no mês | K7: acum. | L7: no mês | M7: acum. | N7: no mês | O7: acum. | P7: no mês | Q7: acum. | R7: no mês | S7: acum. | T7: no mês | U7: acum. | V7: no mês | W7: acum. | X7: no mês | Y7: acum. | Z7: no mês | AA7: acum.
A8: ='NAV - orçamento'!B9 -> 1 | B8: ='NAV - orçamento'!C9 -> SERVIÇOS PRELIMINARES E GERAIS | C8: ='NAV - orçamento'!H9 -> 4803.17 | D8: 0.2 | E8: =D8 -> 0.2 | F8: 0.1 | G8: =E8+F8 -> 0.3 | H8: 0.7 | I8: =G8+H8 -> 1 | K8: =I8+J8 -> 1 | M8: =K8+L8 -> 1 | O8: =M8+N8 -> 1 | Q8: =O8+P8 -> 1 | S8: =Q8+R8 -> 1 | U8: =S8+T8 -> 1 | W8: =U8+V8 -> 1 | Y8: =W8+X8 -> 1 | AA8: =Y8+Z8 -> 1
A9: ='NAV - orçamento'!B14 -> 2 | B9: ='NAV - orçamento'!C14 -> FUNDAÇÃO E ESTRUTURA | C9: ='NAV - orçamento'!H14 -> 32700.4 | D9: 0.25 | E9: =D9 -> 0.25 | F9: 0.25 | G9: =E9+F9 -> 0.5 | H9: 0.25 | I9: =G9+H9 -> 0.75 | J9: 0.25 | K9: =I9+J9 -> 1 | M9: =K9+L9 -> 1 | O9: =M9+N9 -> 1 | Q9: =O9+P9 -> 1 | S9: =Q9+R9 -> 1 | U9: =S9+T9 -> 1 | W9: =U9+V9 -> 1 | Y9: =W9+X9 -> 1 | AA9: =Y9+Z9 -> 1
A10: ='NAV - orçamento'!B35 -> 3 | B10: ='NAV - orçamento'!C35 -> ALVENARIA | C10: ='NAV - orçamento'!H35 -> 11513.85 | D10: 0.25 | E10: =D10 -> 0.25 | F10: 0.25 | G10: =E10+F10 -> 0.5 | H10: 0.4 | I10: =G10+H10 -> 0.9 | J10: 0.1 | K10: =I10+J10 -> 1 | M10: =K10+L10 -> 1 | O10: =M10+N10 -> 1 | Q10: =O10+P10 -> 1 | S10: =Q10+R10 -> 1 | U10: =S10+T10 -> 1 | W10: =U10+V10 -> 1 | Y10: =W10+X10 -> 1 | AA10: =Y10+Z10 -> 1
A11: ='NAV - orçamento'!B39 -> 4 | B11: ='NAV - orçamento'!C39 -> COBERTURA | C11: ='NAV - orçamento'!H39 -> 58474.77 | D11: 0.35 | E11: =D11 -> 0.35 | F11: 0.35 | G11: =E11+F11 -> 0.7 | H11: 0.3 | I11: =G11+H11 -> 1 | K11: =I11+J11 -> 1 | M11: =K11+L11 -> 1 | O11: =M11+N11 -> 1 | Q11: =O11+P11 -> 1 | S11: =Q11+R11 -> 1 | U11: =S11+T11 -> 1 | W11: =U11+V11 -> 1 | Y11: =W11+X11 -> 1 | AA11: =Y11+Z11 -> 1
A12: ='NAV - orçamento'!B53 -> 5 | B12: ='NAV - orçamento'!C53 -> ACABAMENTOS | C12: ='NAV - orçamento'!H53 -> 47814.92 | E12: =D12 -> 0 | F12: 0.35 | G12: =E12+F12 -> 0.35 | H12: 0.35 | I12: =G12+H12 -> 0.7 | J12: 0.3 | K12: =I12+J12 -> 1 | M12: =K12+L12 -> 1 | O12: =M12+N12 -> 1 | Q12: =O12+P12 -> 1 | S12: =Q12+R12 -> 1 | U12: =S12+T12 -> 1 | W12: =U12+V12 -> 1 | Y12: =W12+X12 -> 1 | AA12: =Y12+Z12 -> 1
A13: ='NAV - orçamento'!B67 -> 6 | B13: ='NAV - orçamento'!C67 -> ESQUADRIAS | C13: ='NAV - orçamento'!H67 -> 23894.4 | E13: =D13 -> 0 | G13: =E13+F13 -> 0 | H13: 0.2 | I13: =G13+H13 -> 0.2 | J13: 0.5 | K13: =I13+J13 -> 0.7 | L13: 0.3 | M13: =K13+L13 -> 1 | O13: =M13+N13 -> 1 | Q13: =O13+P13 -> 1 | S13: =Q13+R13 -> 1 | U13: =S13+T13 -> 1 | W13: =U13+V13 -> 1 | Y13: =W13+X13 -> 1 | AA13: =Y13+Z13 -> 1
A14: ='NAV - orçamento'!B74 -> 7 | B14: ='NAV - orçamento'!C74 -> HIDROSSANITARIO | C14: ='NAV - orçamento'!H74 -> 10326.19 | D14: 0.1 | E14: =D14 -> 0.1 | F14: 0.1 | G14: =E14+F14 -> 0.2 | H14: 0.2 | I14: =G14+H14 -> 0.4 | J14: 0.15 | K14: =I14+J14 -> 0.55 | L14: 0.45 | M14: =K14+L14 -> 1 | O14: =M14+N14 -> 1 | Q14: =O14+P14 -> 1 | S14: =Q14+R14 -> 1 | U14: =S14+T14 -> 1 | W14: =U14+V14 -> 1 | Y14: =W14+X14 -> 1 | AA14: =Y14+Z14 -> 1
A15: ='NAV - orçamento'!B91 -> 8 | B15: ='NAV - orçamento'!C91 -> ELETRICO | C15: ='NAV - orçamento'!H91 -> 5862.42 | D15: 0.1 | E15: =D15 -> 0.1 | F15: 0.1 | G15: =E15+F15 -> 0.2 | H15: 0.25 | I15: =G15+H15 -> 0.45 | J15: 0.25 | K15: =I15+J15 -> 0.7 | L15: 0.3 | M15: =K15+L15 -> 1 | O15: =M15+N15 -> 1 | Q15: =O15+P15 -> 1 | S15: =Q15+R15 -> 1 | U15: =S15+T15 -> 1 | W15: =U15+V15 -> 1 | Y15: =W15+X15 -> 1 | AA15: =Y15+Z15 -> 1
A16: ='NAV - orçamento'!B101 -> 9 | B16: ='NAV - orçamento'!C101 -> SERVIÇOS COMPLEMENTARES | C16: ='NAV - orçamento'!H101 -> 431.92 | E16: =D16 -> 0 | G16: =E16+F16 -> 0 | I16: =G16+H16 -> 0 | K16: =I16+J16 -> 0 | L16: 1 | M16: =K16+L16 -> 1 | O16: =M16+N16 -> 1 | Q16: =O16+P16 -> 1 | S16: =Q16+R16 -> 1 | U16: =S16+T16 -> 1 | W16: =U16+V16 -> 1 | Y16: =W16+X16 -> 1 | AA16: =Y16+Z16 -> 1
E17: =D17 -> 0 | G17: =E17+F17 -> 0 | I17: =G17+H17 -> 0 | K17: =I17+J17 -> 0 | M17: =K17+L17 -> 0 | O17: =M17+N17 -> 0 | Q17: =O17+P17 -> 0 | S17: =Q17+R17 -> 0 | U17: =S17+T17 -> 0 | W17: =U17+V17 -> 0 | Y17: =W17+X17 -> 0 | AA17: =Y17+Z17 -> 0
A18: TOTAL (%) | D18: =D19/$C$20 -> 0.17413375 | E18: =D18 -> 0.17413375 | F18: =F19/$C$20 -> 0.25714231 | G18: =E18+F18 -> 0.43127607 | H18: =H19/$C$20 -> 0.29991637 | I18: =G18+H18 -> 0.73119243 | J18: =J19/$C$20 -> 0.19728471 | K18: =I18+J18 -> 0.92847714 | L18: =L19/$C$20 -> 0.071522856 | M18: =K18+L18 -> 1 | N18: =N19/$C$20 -> 0 | O18: =M18+N18 -> 1 | P18: =P19/$C$20 -> 0 | Q18: =O18+P18 -> 1 | R18: =R19/$C$20 -> 0 | S18: =Q18+R18 -> 1 | T18: =T19/$C$20 -> 0 | U18: =S18+T18 -> 1 | V18: =V19/$C$20 -> 0 | W18: =U18+V18 -> 1 | X18: =X19/$C$20 -> 0 | Y18: =W18+X18 -> 1 | Z18: =Z19/$C$20 -> 0 | AA18: =Y18+Z18 -> 1
B19: Período | D19: =($C$8*D8)+($C$9*D9)+($C$10*D10)+($C$11*D11)+($C$12*D12)+($C$13*D13)+($C$14*D14)+($C$15*D15)+($C$16*D16)+($C$17*D17) -> 34099.227 | F19: =($C$8*F8)+($C$9*F9)+($C$10*F10)+($C$11*F11)+($C$12*F12)+($C$13*F13)+($C$14*F14)+($C$15*F15)+($C$16*F16)+($C$17*F17) -> 50354.132 | H19: =($C$8*H8)+($C$9*H9)+($C$10*H10)+($C$11*H11)+($C$12*H12)+($C$13*H13)+($C$14*H14)+($C$15*H15)+($C$16*H16)+($C$17*H17) -> 58730.235 | J19: =($C$8*J8)+($C$9*J9)+($C$10*J10)+($C$11*J11)+($C$12*J12)+($C$13*J13)+($C$14*J14)+($C$15*J15)+($C$16*J16)+($C$17*J17) -> 38632.694 | L19: =($C$8*L8)+($C$9*L9)+($C$10*L10)+($C$11*L11)+($C$12*L12)+($C$13*L13)+($C$14*L14)+($C$15*L15)+($C$16*L16)+($C$17*L17) -> 14005.752 | N19: =($C$8*N8)+($C$9*N9)+($C$10*N10)+($C$11*N11)+($C$12*N12)+($C$13*N13)+($C$14*N14)+($C$15*N15)+($C$16*N16)+($C$17*N17) -> 0 | P19: =($C$8*P8)+($C$9*P9)+($C$10*P10)+($C$11*P11)+($C$12*P12)+($C$13*P13)+($C$14*P14)+($C$15*P15)+($C$16*P16)+($C$17*P17) -> 0 | R19: =($C$8*R8)+($C$9*R9)+($C$10*R10)+($C$11*R11)+($C$12*R12)+($C$13*R13)+($C$14*R14)+($C$15*R15)+($C$16*R16)+($C$17*R17) -> 0 | T19: =($C$8*T8)+($C$9*T9)+($C$10*T10)+($C$11*T11)+($C$12*T12)+($C$13*T13)+($C$14*T14)+($C$15*T15)+($C$16*T16)+($C$17*T17) -> 0 | V19: =($C$8*V8)+($C$9*V9)+($C$10*V10)+($C$11*V11)+($C$12*V12)+($C$13*V13)+($C$14*V14)+($C$15*V15)+($C$16*V16)+($C$17*V17) -> 0 | X19: =($C$8*X8)+($C$9*X9)+($C$10*X10)+($C$11*X11)+($C$12*X12)+($C$13*X13)+($C$14*X14)+($C$15*X15)+($C$16*X16)+($C$17*X17) -> 0 | Z19: =($C$8*Z8)+($C$9*Z9)+($C$10*Z10)+($C$11*Z11)+($C$12*Z12)+($C$13*Z13)+($C$14*Z14)+($C$15*Z15)+($C$16*Z16)+($C$17*Z17) -> 0
B20: Acumulado | C20: =SUM(C8:C19) -> 195822.04 | D20: =D19 -> 34099.227 | F20: =F19+D20 -> 84453.359 | H20: =H19+F20 -> 143183.59 | J20: =J19+H20 -> 181816.29 | L20: =L19+J20 -> 195822.04 | N20: =N19+L20 -> 195822.04 | P20: =P19+N20 -> 195822.04 | R20: =R19+P20 -> 195822.04 | T20: =T19+R20 -> 195822.04 | V20: =V19+T20 -> 195822.04 | X20: =X19+V20 -> 195822.04 | Z20: =Z19+X20 -> 195822.04

Sheet BDI
C3: ITENS | E3: SIGLA | F3: VALORES
C4: TAXA DE RATEIO DA ADMINISTRAÇÃO CENTRAL | E4: AC | F4: 0.037
C5: TAXA DE SEGURO E GARANTIADO EMPREENDIMENTO | E5: S+G | F5: 0.0064
C6: TAXA DE RISCO | E6: R | F6: 0.018
C7: TAXA DE DESPESAS FINANCEIRAS | E7: DF | F7: 0.0133
C8: TAXA DE LUCRO | E8: L | F8: 0.0634
C9: TAXAS E TRIBUTOS | D9: PIS (geralmente 0,65%) | E9: I | F9: 0.0065
D10: COFINS (geralmente 3,00%) | F10: 0.03
D11: ISS (legislação municipal) | F11: 0.05
D12: CPRB (INSS) | F12: 0
C13: BDI RESULTANTE | F13: =(((1+(F4+F6+F5))*(1+F7)*(1+F8)/(1-(F9+F10+F11+F12))-1)) -> 0.2520026
